Workbook

Sheet ЛС-09-01-01
A1: =Source!B1 -> Smeta.RU (495) 974-1589
K2: Форма № 4б
A3: 25МГ-ДПР-2750 — Реконструкция газопровода низкого давления. Пусконаладочные работы электрохимической защиты | AP3: 25МГ-ДПР-2750 — Реконструкция газопровода низкого давления. Пусконаладочные работы электрохимической защиты
A4: (наименование стройки и/или объекта)
A6: =CONCATENATE( "ЛОКАЛЬНАЯ СМЕТА № " ,IF(Source!F12<>"Новый объект", Source!F12, "")) -> ЛОКАЛЬНАЯ СМЕТА № ЛС-09-01-01
A9: (наименование работ и затрат)
A11: =CONCATENATE( "Основание: чертежи № " , Source!J12) -> Основание: чертежи № Технический отчёт АЗ (ТКР.ТО), выписка "ЭХЗ для смет" (16.09), "Объемы ОПС"
I13: В базисном уровне цен | J13: В текущем уровне цен
E14: Сметная стоимость | I14: =I15+I16+I17+I18 -> 0.13 | J14: =J15+J16+J17+J18 -> 7.53 | K14: тыс.руб.
E15: Строительные работы | I15: =ROUND((Source!F110)/1000, 2) -> 0 | J15: =ROUND((Source!P110)/1000, 2) -> 0 | K15: тыс.руб.
E16: Работы по монтажу оборудования | I16: =ROUND((Source!F111)/1000, 2) -> 0 | J16: =ROUND((Source!P111)/1000, 2) -> 0 | K16: тыс.руб.
E17: Оборудование | I17: =ROUND((Source!F102)/1000, 2) -> 0 | J17: =ROUND((Source!P102)/1000, 2) -> 0 | K17: тыс.руб.
E18: Прочие работы и затраты | I18: =ROUND((Source!F112+Source!F113)/1000, 2) -> 0.13 | J18: =ROUND((Source!P112+Source!P113)/1000, 2) -> 7.53 | K18: тыс.руб.
E19: Средства на оплату труда | I19: =(Source!F108+ Source!F107)/1000 -> 0.06204 | J19: =((Source!P108 + Source!P107)/1000) -> 3.58343 | K19: тыс.руб.
E20: Затраты труда | I20: =Source!F115 -> 3.92 | K20: чел.-ч.
E21: Кроме того:
E22: Возврат материалов | I22: =SUM(Y1:Y62)/1000 -> 0 | J22: =SUM(Z1:Z62)/1000 -> 0 | K22: тыс.руб.
A24: Составлен(а) по ТСН-2001 с учетом Дополнения №: 82
A25: № и период сборника коэффициентов (индексов) пересчета: Текущий уровень цен, III квартал 2026, выпуск 221 | AP25: № и период сборника коэффициентов (индексов) пересчета: Текущий уровень цен, III квартал 2026, выпуск 221
A26: № п/п | B26: Шифр расценки и коды ресурсов | C26: Наименование работ и затрат | D26: Ед. изм. | E26: Кол-во единиц | F26: Цена на ед. изм., руб. | G26: Попра- вочные коэффи- циенты | H26: Коэффи- циенты зимних удорожа- ний | I26: Всего в ценах на Январь 2000 года, руб. | J26: Коэффи- циенты (индек- сы) пере- счета, нормы НР и СП | K26: ВСЕГО затрат в текущем уровне цен, руб.
A27: 1 | B27: 2 | C27: 3 | D27: 4 | E27: 5 | F27: 6 | G27: 7 | H27: 8 | I27: 9 | J27: 10 | K27: 11
A29: =CONCATENATE("Локальная смета: ",IF(Source!G20<>"Новая локальная смета", Source!G20, "")) -> Локальная смета: Пусконаладочные работы электрохимической защиты
A31: =CONCATENATE("Раздел: ",IF(Source!G24<>"Новый раздел", Source!G24, "")) -> Раздел: Пусконаладочные работы ЭХЗ
A32: 1 | B32: =Source!F28 -> 5.1-151-1 | C32: Измерение сопротивления растеканию тока заземлителя (применительно) | D32: =Source!H28 -> 1 измерение | E32: =Source!I28 -> 4 | Q32: =Source!X28 -> 37.47 | R32: =Source!X29 -> 2164.48 | S32: =Source!Y28 -> 18.23 | T32: =Source!Y29 -> 1052.99 | U32: =ROUND((175/100)*ROUND(Source!R28, 2), 2) -> 0 | V32: =ROUND((0/100)*ROUND(Source!R29, 2), 2) -> 0 | AC32: 0
C33: ЗП | F33: =Source!AO28 -> 12.66 | H33: =Source!AV29 -> 1 | I33: =Source!S28 -> 50.64 | J33: =IF(Source!BA29<> 0, Source!BA29, 1) -> 57.76 | K33: =Source!S29 -> 2924.97
C34: НР от ФОТ | D34: % | E34: =Source!DN29 -> 74 | I34: =SUM(Q32:Q33) -> 37.47 | J34: =Source!BZ29 -> 74 | K34: =SUM(R32:R33) -> 2164.48
C35: СП от ФОТ | D35: % | E35: =Source!DO29 -> 36 | I35: =SUM(S32:S34) -> 18.23 | J35: =Source!CA29 -> 36 | K35: =SUM(T32:T34) -> 1052.99
C36: ЗТР | D36: чел-ч | E36: =Source!AQ28 -> 0.8 | H36: =Source!AV29 -> 1 | I36: =Source!U28 -> 3.2
C37: ВСЕГО работ по позиции: | H37: =I33+I34+I35+0-0-0 -> 106.34 | J37: =K33+K34+K35+0-0-0 -> 6142.44
C38: ВСЕГО оборудование по позиции: | H38: =0+0 -> 0 | J38: =0+0 -> 0
C39: ВСЕГО по позиции: | H39: =I33+I34+I35+0 -> 106.34 | J39: =K33+K34+K35+0 -> 6142.44 | O39: =I33+I34+I35+0 -> 106.34 | P39: =K33+K34+K35+0 -> 6142.44
A41: 2 | B41: =Source!F30 -> 5.1-152-1 | C41: Проверка наличия цепи между заземлителями и заземленными элементами (применительно) | D41: =Source!H30 -> 1 ТОЧКА | E41: =Source!I30 -> 6 | Q41: =Source!X30 -> 8.44 | R41: =Source!X31 -> 487.26 | S41: =Source!Y30 -> 4.1 | T41: =Source!Y31 -> 237.05 | U41: =ROUND((175/100)*ROUND(Source!R30, 2), 2) -> 0 | V41: =ROUND((0/100)*ROUND(Source!R31, 2), 2) -> 0 | AC41: 0
C42: ЗП | F42: =Source!AO30 -> 1.9 | H42: =Source!AV31 -> 1 | I42: =Source!S30 -> 11.4 | J42: =IF(Source!BA31<> 0, Source!BA31, 1) -> 57.76 | K42: =Source!S31 -> 658.46
C43: НР от ФОТ | D43: % | E43: =Source!DN31 -> 74 | I43: =SUM(Q41:Q42) -> 8.44 | J43: =Source!BZ31 -> 74 | K43: =SUM(R41:R42) -> 487.26
C44: СП от ФОТ | D44: % | E44: =Source!DO31 -> 36 | I44: =SUM(S41:S43) -> 4.1 | J44: =Source!CA31 -> 36 | K44: =SUM(T41:T43) -> 237.05
C45: ЗТР | D45: чел-ч | E45: =Source!AQ30 -> 0.12 | H45: =Source!AV31 -> 1 | I45: =Source!U30 -> 0.72
C46: ВСЕГО работ по позиции: | H46: =I42+I43+I44+0-0-0 -> 23.94 | J46: =K42+K43+K44+0-0-0 -> 1382.77
C47: ВСЕГО оборудование по позиции: | H47: =0+0 -> 0 | J47: =0+0 -> 0
C48: ВСЕГО по позиции: | H48: =I42+I43+I44+0 -> 23.94 | J48: =K42+K43+K44+0 -> 1382.77 | O48: =I42+I43+I44+0 -> 23.94 | P48: =K42+K43+K44+0 -> 1382.77
A51: =CONCATENATE("Итого по разделу: ",IF(Source!G33<>"Новый раздел", Source!G33, "")) -> Итого по разделу: Пусконаладочные работы ЭХЗ | I51: =SUM(O31:O50) -> 130.28 | J51: =SUM(P31:P50) -> 7525.21
A52: Итого по ТСН-2001.16 | I52: =SUM(W31:W51) -> 0 | J52: =SUM(X31:X51) -> 0
A53: Итого возвратных сумм | I53: =SUM(Y31:Y52) -> 0 | J53: =SUM(Z31:Z52) -> 0
A55: =CONCATENATE("Итого по локальной смете: ",IF(Source!G63<>"Новая локальная смета", Source!G63, "")) -> Итого по локальной смете: Пусконаладочные работы электрохимической защиты | I55: =SUM(O29:O54) -> 130.28 | J55: =SUM(P29:P54) -> 7525.21 | AQ55: =CONCATENATE("Итого по локальной смете: ",IF(Source!G63<>"Новая локальная смета", Source!G63, "")) -> Итого по локальной смете: Пусконаладочные работы электрохимической защиты
A56: Итого по ТСН-2001.16 | I56: =SUM(W29:W55) -> 0 | J56: =SUM(X29:X55) -> 0
A57: Итого возвратных сумм | I57: =SUM(Y29:Y56) -> 0 | J57: =SUM(Z29:Z56) -> 0
C58: =Source!H73 -> Стоимость оборудования заказчика | H58: =Source!F73 -> 0 | J58: =Source!P73 -> 0
A60: =CONCATENATE("Итого по смете: ",IF(Source!G93<>"Новый объект", Source!G93, "")) -> Итого по смете: Пусконаладочные работы электрохимической защиты | I60: =SUM(O1:O59) -> 130.28 | J60: =SUM(P1:P59) -> 7525.21
A61: Итого по ТСН-2001.16 | I61: =SUM(W1:W60) -> 0 | J61: =SUM(X1:X60) -> 0
A62: Итого возвратных сумм | I62: =SUM(Y1:Y61) -> 0 | J62: =SUM(Z1:Z61) -> 0
A65: Составил | C65: =IF(Source!AC12<>"", Source!AC12," ") | H65: =IF(Source!AB12<>"", Source!AB12," ")
C66: (должность, подпись, инициалы, фамилия)
A68: Проверил | C68: =IF(Source!AE12<>"", Source!AE12," ") | H68: =IF(Source!AD12<>"", Source!AD12," ")
C69: (должность, подпись, инициалы, фамилия)

Sheet Source
A1: 0 | B1: Smeta.RU (495) 974-1589 | D1: _PS_ | F1: 0 | G1: 0 | H1: 0 | I1: Smeta.RU | K1: 1 | L1: 76812 | M1: 10 | N1: 12 | O1: 2 | P1: 0 | Q1: 1
A4: 8 | B4: 1 | C4: -1 | F4: 25МГ-ДПР-2750 | G4: 25МГ-ДПР-2750 — Реконструкция газопровода низкого давления | EC4: 0
A12: 1 | B12: 130 | C12: 0 | D12: =ROW(A93) -> 93 | E12: 0 | F12: ЛС-09-01-01 | G12: Пусконаладочные работы электрохимической защиты | I12: 0 | J12: Технический отчёт АЗ (ТКР.ТО), выписка "ЭХЗ для смет" (16.09), "Объемы ОПС" | K12: 0 | L12: 0 | M12: 2 | O12: 2026 | P12: 7 | Q12: 0 | R12: 0 | S12: 0 | T12: 1 | U12: Основание:Технический отчёт АЗ (ТКР.ТО), выписка "ЭХЗ для смет" (16.09), "Объемы ОПС" Уровень цен:3 кв 2026 Нормативные индексы ТСН:№ 221 III квартал 2026 Регион:ТСН-2001 г. Москвы (с доп.1-82) | V12: 9 | BB12: 0 | BH12: Сметные нормы списания | BI12: Коды ОКП для ТСН-2001 МГЭ | BJ12: 1 | BK12: 1 | BL12: 0 | BM12: 0 | BN12: 1 | BO12: 0 | BP12: -1 | BQ12: 2 | BR12: 1 | BS12: 0 | BT12: 0 | BU12: 0 | BV12: 0 | BW12: 0 | BX12: 0 | BZ12: Типовой расчет для ТСН-2001 МГЭ, Новая методика с выпуска доп. 43 (Строительство), Доп 64 | CA12: Территориальные сметные нормативы для Москвы ТСН-2001 (МГЭ) | CB12: Территориальные сметные нормативы для Москвы ТСН-2001 (МГЭ) | CC12: Территориальные сметные нормативы для Москвы ТСН-2001 (МГЭ) | CD12: Территориальные сметные нормативы для Москвы ТСН-2001 (МГЭ) | CE12: Поправки для ТСН-2001 от 15.07.2022 г. доп.65 | CF12: 0 | CG12: 0 | CH12: 524296 | CK12: 82 | CQ12: Территориальные сметные нормативы для Москвы (ТСН-2001) | CR12: ТЕР | CS12: 41660 | CT12: 1 | CU12: 72 | CY12: 0 | EC12: 0
A15: 15 | B15: 1
A18: 52 | B18: =B93 -> 130 | C18: =C93 -> 1 | D18: =D93 -> 12 | E18: =E93 -> 0 | F18: =F93 -> ЛС-09-01-01 | G18: =G93 -> Пусконаладочные работы электрохимической защиты | O18: =O93 -> 62.04 | P18: =P93 -> 0 | Q18: =Q93 -> 0 | R18: =R93 -> 0 | S18: =S93 -> 62.04 | T18: =T93 -> 0 | U18: =U93 -> 3.92 | V18: =V93 -> 0 | ... GX18: =GX93 -> 0
A20: 3 | B20: 1 | D20: =ROW(A63) -> 63 | F20: ЛС-09-01-01 | G20: Пусконаладочные работы электрохимической защиты | I20: 0 | K20: 0 | L20: ЛС-09-01-01 | S20: 0 | T20: 0 | U20: Пусконаладочные работы электрохимической защиты | V20: 9 | BX20: 0 | CF20: 0 | CG20: 0
A22: 52 | B22: =B63 -> 1 | C22: =C63 -> 3 | D22: =D63 -> 20 | E22: =E63 -> 0 | F22: =F63 -> ЛС-09-01-01 | G22: =G63 -> Пусконаладочные работы электрохимической защиты | O22: =O63 -> 62.04 | P22: =P63 -> 0 | Q22: =Q63 -> 0 | R22: =R63 -> 0 | S22: =S63 -> 62.04 | T22: =T63 -> 0 | U22: =U63 -> 3.92 | V22: =V63 -> 0 | ... GX22: =GX63 -> 0
A24: 4 | B24: 1 | D24: =ROW(A33) -> 33 | F24: 1 | G24: Пусконаладочные работы ЭХЗ | I24: 0 | K24: -1 | S24: 0 | T24: 0 | V24: 9 | BX24: 0 | CJ24: 0
A26: 52 | B26: =B33 -> 1 | C26: =C33 -> 4 | D26: =D33 -> 24 | E26: =E33 -> 0 | F26: =F33 -> 1 | G26: =G33 -> Пусконаладочные работы ЭХЗ | O26: =O33 -> 62.04 | P26: =P33 -> 0 | Q26: =Q33 -> 0 | R26: =R33 -> 0 | S26: =S33 -> 62.04 | T26: =T33 -> 0 | U26: =U33 -> 3.92 | V26: =V33 -> 0 | ... GX26: =GX33 -> 0
A28: 17 | B28: 1 | C28: =ROW(SmtRes!A1) -> 1 | D28: =ROW(EtalonRes!A1) -> 1 | E28: 1 | F28: 5.1-151-1 | G28: Измерение сопротивления растеканию тока заземлителя (применительно) | H28: 1 измерение | I28: =ROUND(4,9) -> 4 | J28: 0 | K28: =ROUND(4,9) -> 4 | O28: =ROUND(CP28,2) -> 50.64 | P28: =ROUND(CQ28*I28,2) -> 0 | Q28: =ROUND(CR28*I28,2) -> 0 | R28: =ROUND(CS28*I28,2) -> 0 | S28: =ROUND(CT28*I28,2) -> 50.64 | T28: =ROUND(CU28*I28,2) -> 0 | U28: =CV28*I28 -> 3.2 | V28: =CW28*I28 -> 0 | W28: =ROUND(CX28*I28,2) -> 0 | X28: =ROUND(CY28,2) -> 37.47 | Y28: =ROUND(CZ28,2) -> 18.23 | AA28: 86508781 | AB28: =(AC28+AD28+AF28) -> 12.66 | AC28: =(ES28) -> 0 | AD28: =(ET28) -> 0 | AE28: =(EU28) -> 0 | AF28: =(EV28) -> 12.66 | AG28: =(AP28) -> 0 | AH28: =(EW28) -> 0.8 | AI28: =(EX28) -> 0 | AJ28: =(AS28) -> 0 | AK28: 0 | AL28: 0 | AM28: 0 | AN28: 0 | AO28: 12.66 | AP28: 0 | AQ28: 0.8 | AR28: 0 | AS28: 0 | AT28: 74 | AU28: 36 | AV28: 1 | AW28: 1 | AZ28: 1 | BA28: 1 | BB28: 1 | BC28: 1 | BH28: 0 | BI28: 4 | BJ28: 5.1-151-1 Применительно, ТСН-2001.12 п. 3.4.5 | BM28: 381 | BN28: 0 | BO28: 5.1-151-1 | BP28: 1 | BQ28: 50 | BR28: 0 | BS28: 1 | BT28: 1 | BU28: 1 | BV28: 1 | BW28: 1 | BX28: 1 | BZ28: 74 | CA28: 36 | CE28: 0 | CF28: 0 | CG28: 0 | CM28: 0 | CO28: 0 | CP28: =(P28+Q28+S28) -> 50.64 | CQ28: =(AC28*BC28*AW28) -> 0 | CR28: =((ET28)*BB28*AV28) -> 0 | CS28: =(AE28*BS28*AV28) -> 0 | CT28: =(AF28*BA28*AV28) -> 12.66 | CU28: =AG28 -> 0 | CV28: =(AH28*AV28) -> 0.8 | CW28: =AI28 -> 0 | CX28: =AJ28 -> 0 | CY28: =(((S28+R28)*BZ28)/100) -> 37.4736 | CZ28: =(((S28+R28)*CA28)/100) -> 18.2304 | DN28: 0 | DO28: 0 | DP28: 1 | DQ28: 1 | DU28: 1013 | DV28: 1 измерение | DW28: 1 измерение | DX28: 1 | EE28: 86331009 | EF28: 50 | EG28: Пусконаладочные работы | EH28: 0 | EJ28: 4 | EK28: 381 | EL28: ТСН-2001.5-1. 1-1...1-189 | EM28: ТСН-2001.5-1-1 | EQ28: 0 | ER28: 0 | ES28: 0 | ET28: 0 | EU28: 0 | EV28: 12.66 | EW28: 0.8 | EX28: 0 | EY28: 0 | FQ28: 0 | FR28: 0 | FS28: 0 | FX28: 74 | FY28: 36 | GD28: 1 | GF28: -1855139276 | GG28: 2 | GH28: 0 | GI28: -2 | GJ28: 0 | GK28: 0 | GL28: =ROUND(IF(AND(BH28=3,BI28=3,FS28<>0),P28,0),2) -> 0 | GM28: =ROUND(O28+X28+Y28,2)+GX28 -> 106.34 | GN28: =IF(OR(BI28=0,BI28=1),GM28-GX28,0) -> 0 | GO28: =IF(BI28=2,GM28-GX28,0) -> 0 | GP28: =IF(BI28=4,GM28-GX28,0) -> 106.34 | GR28: 0 | GS28: 3 | GT28: 0 | GV28: =(GT28) -> 0 | GW28: 1 | GX28: =ROUND(HC28*I28,2) -> 0 | HA28: 0 | HB28: 0 | HC28: =GV28*GW28 -> 0 | HS28: 0 | IK28: 0
A29: 17 | B29: 1 | C29: =ROW(SmtRes!A2) -> 2 | D29: =ROW(EtalonRes!A2) -> 2 | E29: 1 | F29: 5.1-151-1 | G29: Измерение сопротивления растеканию тока заземлителя (применительно) | H29: 1 измерение | I29: =ROUND(4,9) -> 4 | J29: 0 | K29: =ROUND(4,9) -> 4 | O29: =ROUND(CP29,2) -> 2924.97 | P29: =ROUND(CQ29*I29,2) -> 0 | Q29: =ROUND(CR29*I29,2) -> 0 | R29: =ROUND(CS29*I29,2) -> 0 | S29: =ROUND(CT29*I29,2) -> 2924.97 | T29: =ROUND(CU29*I29,2) -> 0 | U29: =CV29*I29 -> 3.2 | V29: =CW29*I29 -> 0 | W29: =ROUND(CX29*I29,2) -> 0 | X29: =ROUND(CY29,2) -> 2164.48 | Y29: =ROUND(CZ29,2) -> 1052.99 | AA29: 86508782 | AB29: =(AC29+AD29+AF29) -> 12.66 | AC29: =(ES29) -> 0 | AD29: =(ET29) -> 0 | AE29: =(EU29) -> 0 | AF29: =(EV29) -> 12.66 | AG29: =(AP29) -> 0 | AH29: =(EW29) -> 0.8 | AI29: =(EX29) -> 0 | AJ29: =(AS29) -> 0 | AK29: 0 | AL29: 0 | AM29: 0 | AN29: 0 | AO29: 12.66 | AP29: 0 | AQ29: 0.8 | AR29: 0 | AS29: 0 | AT29: 74 | AU29: 36 | AV29: 1 | AW29: 1 | AZ29: 1 | BA29: 57.76 | BB29: 1 | BC29: 1 | BH29: 0 | BI29: 4 | BJ29: 5.1-151-1 Применительно, ТСН-2001.12 п. 3.4.5 | BM29: 381 | BN29: 0 | BO29: 5.1-151-1 | BP29: 1 | BQ29: 50 | BR29: 0 | BS29: 57.76 | BT29: 1 | BU29: 1 | BV29: 1 | BW29: 1 | BX29: 1 | BZ29: 74 | CA29: 36 | CE29: 0 | CF29: 0 | CG29: 0 | CM29: 0 | CO29: 0 | CP29: =(P29+Q29+S29) -> 2924.97 | CQ29: =(AC29*BC29*AW29) -> 0 | CR29: =((ET29)*BB29*AV29) -> 0 | CS29: =(AE29*BS29*AV29) -> 0 | CT29: =(AF29*BA29*AV29) -> 731.2416 | CU29: =AG29 -> 0 | CV29: =(AH29*AV29) -> 0.8 | CW29: =AI29 -> 0 | CX29: =AJ29 -> 0 | CY29: =(S29+R29)*(BZ29/100) -> 2164.4778 | CZ29: =(S29+R29)*(CA29/100) -> 1052.9892 | DN29: 74 | DO29: 36 | DP29: 1 | DQ29: 1 | DU29: 1013 | DV29: 1 измерение | DW29: 1 измерение | DX29: 1 | EE29: 86331009 | EF29: 50 | EG29: Пусконаладочные работы | EH29: 0 | EJ29: 4 | EK29: 381 | EL29: ТСН-2001.5-1. 1-1...1-189 | EM29: ТСН-2001.5-1-1 | EQ29: 0 | ER29: 0 | ES29: 0 | ET29: 0 | EU29: 0 | EV29: 12.66 | EW29: 0.8 | EX29: 0 | EY29: 0 | FQ29: 0 | FR29: 0 | FS29: 0 | FX29: 74 | FY29: 36 | GD29: 1 | GF29: -1855139276 | GG29: 2 | GH29: 0 | GI29: -2 | GJ29: 0 | GK29: 0 | GL29: =ROUND(IF(AND(BH29=3,BI29=3,FS29<>0),P29,0),2) -> 0 | GM29: =ROUND(O29+X29+Y29,2)+GX29 -> 6142.44 | GN29: =IF(OR(BI29=0,BI29=1),GM29-GX29,0) -> 0 | GO29: =IF(BI29=2,GM29-GX29,0) -> 0 | GP29: =IF(BI29=4,GM29-GX29,0) -> 6142.44 | GR29: 0 | GS29: 3 | GT29: 0 | GV29: =(GT29) -> 0 | GW29: 1 | GX29: =ROUND(HC29*I29,2) -> 0 | HA29: 0 | HB29: 0 | HC29: =GV29*GW29 -> 0 | HS29: 0 | IK29: 0
A30: 17 | B30: 1 | C30: =ROW(SmtRes!A3) -> 3 | D30: =ROW(EtalonRes!A3) -> 3 | E30: 2 | F30: 5.1-152-1 | G30: Проверка наличия цепи между заземлителями и заземленными элементами (применительно) | H30: 1 ТОЧКА | I30: =ROUND(6,9) -> 6 | J30: 0 | K30: =ROUND(6,9) -> 6 | O30: =ROUND(CP30,2) -> 11.4 | P30: =ROUND(CQ30*I30,2) -> 0 | Q30: =ROUND(CR30*I30,2) -> 0 | R30: =ROUND(CS30*I30,2) -> 0 | S30: =ROUND(CT30*I30,2) -> 11.4 | T30: =ROUND(CU30*I30,2) -> 0 | U30: =CV30*I30 -> 0.72 | V30: =CW30*I30 -> 0 | W30: =ROUND(CX30*I30,2) -> 0 | X30: =ROUND(CY30,2) -> 8.44 | Y30: =ROUND(CZ30,2) -> 4.1 | AA30: 86508781 | AB30: =(AC30+AD30+AF30) -> 1.9 | AC30: =(ES30) -> 0 | AD30: =(ET30) -> 0 | AE30: =(EU30) -> 0 | AF30: =(EV30) -> 1.9 | AG30: =(AP30) -> 0 | AH30: =(EW30) -> 0.12 | AI30: =(EX30) -> 0 | AJ30: =(AS30) -> 0 | AK30: 0 | AL30: 0 | AM30: 0 | AN30: 0 | AO30: 1.9 | AP30: 0 | AQ30: 0.12 | AR30: 0 | AS30: 0 | AT30: 74 | AU30: 36 | AV30: 1 | AW30: 1 | AZ30: 1 | BA30: 1 | BB30: 1 | BC30: 1 | BH30: 0 | BI30: 4 | BJ30: 5.1-152-1 Применительно, ТСН-2001.12 п. 3.4.5 | BM30: 381 | BN30: 0 | BO30: 5.1-152-1 | BP30: 1 | BQ30: 50 | BR30: 0 | BS30: 1 | BT30: 1 | BU30: 1 | BV30: 1 | BW30: 1 | BX30: 1 | BZ30: 74 | CA30: 36 | CE30: 0 | CF30: 0 | CG30: 0 | CM30: 0 | CO30: 0 | CP30: =(P30+Q30+S30) -> 11.4 | CQ30: =(AC30*BC30*AW30) -> 0 | CR30: =((ET30)*BB30*AV30) -> 0 | CS30: =(AE30*BS30*AV30) -> 0 | CT30: =(AF30*BA30*AV30) -> 1.9 | CU30: =AG30 -> 0 | CV30: =(AH30*AV30) -> 0.12 | CW30: =AI30 -> 0 | CX30: =AJ30 -> 0 | CY30: =(((S30+R30)*BZ30)/100) -> 8.436 | CZ30: =(((S30+R30)*CA30)/100) -> 4.104 | DN30: 0 | DO30: 0 | DP30: 1 | DQ30: 1 | DU30: 1013 | DV30: 1 ТОЧКА | DW30: 1 ТОЧКА | DX30: 1 | EE30: 86331009 | EF30: 50 | EG30: Пусконаладочные работы | EH30: 0 | EJ30: 4 | EK30: 381 | EL30: ТСН-2001.5-1. 1-1...1-189 | EM30: ТСН-2001.5-1-1 | EQ30: 0 | ER30: 0 | ES30: 0 | ET30: 0 | EU30: 0 | EV30: 1.9 | EW30: 0.12 | EX30: 0 | EY30: 0 | FQ30: 0 | FR30: 0 | FS30: 0 | FX30: 74 | FY30: 36 | GD30: 1 | GF30: -1497546359 | GG30: 2 | GH30: 0 | GI30: -2 | GJ30: 0 | GK30: 0 | GL30: =ROUND(IF(AND(BH30=3,BI30=3,FS30<>0),P30,0),2) -> 0 | GM30: =ROUND(O30+X30+Y30,2)+GX30 -> 23.94 | GN30: =IF(OR(BI30=0,BI30=1),GM30-GX30,0) -> 0 | GO30: =IF(BI30=2,GM30-GX30,0) -> 0 | GP30: =IF(BI30=4,GM30-GX30,0) -> 23.94 | GR30: 0 | GS30: 3 | GT30: 0 | GV30: =(GT30) -> 0 | GW30: 1 | GX30: =ROUND(HC30*I30,2) -> 0 | HA30: 0 | HB30: 0 | HC30: =GV30*GW30 -> 0 | HS30: 0 | IK30: 0
A31: 17 | B31: 1 | C31: =ROW(SmtRes!A4) -> 4 | D31: =ROW(EtalonRes!A4) -> 4 | E31: 2 | F31: 5.1-152-1 | G31: Проверка наличия цепи между заземлителями и заземленными элементами (применительно) | H31: 1 ТОЧКА | I31: =ROUND(6,9) -> 6 | J31: 0 | K31: =ROUND(6,9) -> 6 | O31: =ROUND(CP31,2) -> 658.46 | P31: =ROUND(CQ31*I31,2) -> 0 | Q31: =ROUND(CR31*I31,2) -> 0 | R31: =ROUND(CS31*I31,2) -> 0 | S31: =ROUND(CT31*I31,2) -> 658.46 | T31: =ROUND(CU31*I31,2) -> 0 | U31: =CV31*I31 -> 0.72 | V31: =CW31*I31 -> 0 | W31: =ROUND(CX31*I31,2) -> 0 | X31: =ROUND(CY31,2) -> 487.26 | Y31: =ROUND(CZ31,2) -> 237.05 | AA31: 86508782 | AB31: =(AC31+AD31+AF31) -> 1.9 | AC31: =(ES31) -> 0 | AD31: =(ET31) -> 0 | AE31: =(EU31) -> 0 | AF31: =(EV31) -> 1.9 | AG31: =(AP31) -> 0 | AH31: =(EW31) -> 0.12 | AI31: =(EX31) -> 0 | AJ31: =(AS31) -> 0 | AK31: 0 | AL31: 0 | AM31: 0 | AN31: 0 | AO31: 1.9 | AP31: 0 | AQ31: 0.12 | AR31: 0 | AS31: 0 | AT31: 74 | AU31: 36 | AV31: 1 | AW31: 1 | AZ31: 1 | BA31: 57.76 | BB31: 1 | BC31: 1 | BH31: 0 | BI31: 4 | BJ31: 5.1-152-1 Применительно, ТСН-2001.12 п. 3.4.5 | BM31: 381 | BN31: 0 | BO31: 5.1-152-1 | BP31: 1 | BQ31: 50 | BR31: 0 | BS31: 57.76 | BT31: 1 | BU31: 1 | BV31: 1 | BW31: 1 | BX31: 1 | BZ31: 74 | CA31: 36 | CE31: 0 | CF31: 0 | CG31: 0 | CM31: 0 | CO31: 0 | CP31: =(P31+Q31+S31) -> 658.46 | CQ31: =(AC31*BC31*AW31) -> 0 | CR31: =((ET31)*BB31*AV31) -> 0 | CS31: =(AE31*BS31*AV31) -> 0 | CT31: =(AF31*BA31*AV31) -> 109.744 | CU31: =AG31 -> 0 | CV31: =(AH31*AV31) -> 0.12 | CW31: =AI31 -> 0 | CX31: =AJ31 -> 0 | CY31: =(S31+R31)*(BZ31/100) -> 487.2604 | CZ31: =(S31+R31)*(CA31/100) -> 237.0456 | DN31: 74 | DO31: 36 | DP31: 1 | DQ31: 1 | DU31: 1013 | DV31: 1 ТОЧКА | DW31: 1 ТОЧКА | DX31: 1 | EE31: 86331009 | EF31: 50 | EG31: Пусконаладочные работы | EH31: 0 | EJ31: 4 | EK31: 381 | EL31: ТСН-2001.5-1. 1-1...1-189 | EM31: ТСН-2001.5-1-1 | EQ31: 0 | ER31: 0 | ES31: 0 | ET31: 0 | EU31: 0 | EV31: 1.9 | EW31: 0.12 | EX31: 0 | EY31: 0 | FQ31: 0 | FR31: 0 | FS31: 0 | FX31: 74 | FY31: 36 | GD31: 1 | GF31: -1497546359 | GG31: 2 | GH31: 0 | GI31: -2 | GJ31: 0 | GK31: 0 | GL31: =ROUND(IF(AND(BH31=3,BI31=3,FS31<>0),P31,0),2) -> 0 | GM31: =ROUND(O31+X31+Y31,2)+GX31 -> 1382.77 | GN31: =IF(OR(BI31=0,BI31=1),GM31-GX31,0) -> 0 | GO31: =IF(BI31=2,GM31-GX31,0) -> 0 | GP31: =IF(BI31=4,GM31-GX31,0) -> 1382.77 | GR31: 0 | GS31: 3 | GT31: 0 | GV31: =(GT31) -> 0 | GW31: 1 | GX31: =ROUND(HC31*I31,2) -> 0 | HA31: 0 | HB31: 0 | HC31: =GV31*GW31 -> 0 | HS31: 0 | IK31: 0
A33: 51 | B33: =B24 -> 1 | C33: =A24 -> 4 | D33: =ROW(A24) -> 24 | F33: =IF(F24<>"",F24,"") -> 1 | G33: =IF(G24<>"",G24,"") -> Пусконаладочные работы ЭХЗ | H33: 0 | O33: =ROUND(AB33,2) -> 62.04 | P33: =ROUND(AC33,2) -> 0 | Q33: =ROUND(AD33,2) -> 0 | R33: =ROUND(AE33,2) -> 0 | S33: =ROUND(AF33,2) -> 62.04 | T33: =ROUND(AG33,2) -> 0 | U33: =AH33 -> 3.92 | V33: =AI33 -> 0 | W33: =ROUND(AJ33,2) -> 0 | X33: =ROUND(AK33,2) -> 45.91 | Y33: =ROUND(AL33,2) -> 22.33 | AB33: =ROUND(SUMIF(AA28:AA31,"=86508781",O28:O31),2) -> 62.04 | AC33: =ROUND(SUMIF(AA28:AA31,"=86508781",P28:P31),2) -> 0 | AD33: =ROUND(SUMIF(AA28:AA31,"=86508781",Q28:Q31),2) -> 0 | AE33: =ROUND(SUMIF(AA28:AA31,"=86508781",R28:R31),2) -> 0 | AF33: =ROUND(SUMIF(AA28:AA31,"=86508781",S28:S31),2) -> 62.04 | AG33: =ROUND(SUMIF(AA28:AA31,"=86508781",T28:T31),2) -> 0 | AH33: =SUMIF(AA28:AA31,"=86508781",U28:U31) -> 3.92 | AI33: =SUMIF(AA28:AA31,"=86508781",V28:V31) -> 0 | AJ33: =ROUND(SUMIF(AA28:AA31,"=86508781",W28:W31),2) -> 0 | AK33: =ROUND(SUMIF(AA28:AA31,"=86508781",X28:X31),2) -> 45.91 | AL33: =ROUND(SUMIF(AA28:AA31,"=86508781",Y28:Y31),2) -> 22.33 | AO33: =ROUND(BX33,2) -> 0 | AP33: =ROUND(BY33,2) -> 0 | AQ33: =ROUND(BZ33,2) -> 0 | AR33: =ROUND(CA33,2) -> 130.28 | AS33: =ROUND(CB33,2) -> 0 | AT33: =ROUND(CC33,2) -> 0 | AU33: =ROUND(CD33,2) -> 130.28 | AV33: =ROUND(CE33,2) -> 0 | ... BD33: =ROUND(CM33,2) -> 0 | BX33: =ROUND(SUMIF(AA28:AA31,"=86508781",FQ28:FQ31),2) -> 0 | BY33: =ROUND(SUMIF(AA28:AA31,"=86508781",FR28:FR31),2) -> 0 | BZ33: =ROUND(SUMIF(AA28:AA31,"=86508781",GL28:GL31),2) -> 0 | CA33: =ROUND(SUMIF(AA28:AA31,"=86508781",GM28:GM31),2) -> 130.28 | CB33: =ROUND(SUMIF(AA28:AA31,"=86508781",GN28:GN31),2) -> 0 | CC33: =ROUND(SUMIF(AA28:AA31,"=86508781",GO28:GO31),2) -> 0 | CD33: =ROUND(SUMIF(AA28:AA31,"=86508781",GP28:GP31),2) -> 130.28 | CE33: =AC33-BX33 -> 0 | CF33: =AC33-BY33 -> 0 | CG33: =BX33-BZ33 -> 0 | CH33: =AC33-BX33-BY33+BZ33 -> 0 | CI33: =BY33-BZ33 -> 0 | CJ33: =ROUND(SUMIF(AA28:AA31,"=86508781",GX28:GX31),2) -> 0 | CK33: =ROUND(SUMIF(AA28:AA31,"=86508781",GY28:GY31),2) -> 0 | CL33: =ROUND(SUMIF(AA28:AA31,"=86508781",GZ28:GZ31),2) -> 0 | CM33: =ROUND(SUMIF(AA28:AA31,"=86508781",HD28:HD31),2) -> 0 | DG33: =ROUND(DT33,2) -> 3583.43 | DH33: =ROUND(DU33,2) -> 0 | DI33: =ROUND(DV33,2) -> 0 | DJ33: =ROUND(DW33,2) -> 0 | DK33: =ROUND(DX33,2) -> 3583.43 | DL33: =ROUND(DY33,2) -> 0 | DM33: =DZ33 -> 3.92 | DN33: =EA33 -> 0 | DO33: =ROUND(EB33,2) -> 0 | DP33: =ROUND(EC33,2) -> 2651.74 | DQ33: =ROUND(ED33,2) -> 1290.04 | DT33: =ROUND(SUMIF(AA28:AA31,"=86508782",O28:O31),2) -> 3583.43 | DU33: =ROUND(SUMIF(AA28:AA31,"=86508782",P28:P31),2) -> 0 | DV33: =ROUND(SUMIF(AA28:AA31,"=86508782",Q28:Q31),2) -> 0 | DW33: =ROUND(SUMIF(AA28:AA31,"=86508782",R28:R31),2) -> 0 | DX33: =ROUND(SUMIF(AA28:AA31,"=86508782",S28:S31),2) -> 3583.43 | DY33: =ROUND(SUMIF(AA28:AA31,"=86508782",T28:T31),2) -> 0 | DZ33: =SUMIF(AA28:AA31,"=86508782",U28:U31) -> 3.92 | EA33: =SUMIF(AA28:AA31,"=86508782",V28:V31) -> 0 | EB33: =ROUND(SUMIF(AA28:AA31,"=86508782",W28:W31),2) -> 0 | EC33: =ROUND(SUMIF(AA28:AA31,"=86508782",X28:X31),2) -> 2651.74 | ED33: =ROUND(SUMIF(AA28:AA31,"=86508782",Y28:Y31),2) -> 1290.04 | EG33: =ROUND(FP33,2) -> 0 | EH33: =ROUND(FQ33,2) -> 0 | EI33: =ROUND(FR33,2) -> 0 | EJ33: =ROUND(FS33,2) -> 7525.21 | EK33: =ROUND(FT33,2) -> 0 | EL33: =ROUND(FU33,2) -> 0 | EM33: =ROUND(FV33,2) -> 7525.21 | EN33: =ROUND(FW33,2) -> 0 | ... EV33: =ROUND(GE33,2) -> 0 | FP33: =ROUND(SUMIF(AA28:AA31,"=86508782",FQ28:FQ31),2) -> 0 | FQ33: =ROUND(SUMIF(AA28:AA31,"=86508782",FR28:FR31),2) -> 0 | FR33: =ROUND(SUMIF(AA28:AA31,"=86508782",GL28:GL31),2) -> 0 | FS33: =ROUND(SUMIF(AA28:AA31,"=86508782",GM28:GM31),2) -> 7525.21 | FT33: =ROUND(SUMIF(AA28:AA31,"=86508782",GN28:GN31),2) -> 0 | FU33: =ROUND(SUMIF(AA28:AA31,"=86508782",GO28:GO31),2) -> 0 | FV33: =ROUND(SUMIF(AA28:AA31,"=86508782",GP28:GP31),2) -> 7525.21 | FW33: =DU33-FP33 -> 0 | FX33: =DU33-FQ33 -> 0 | FY33: =FP33-FR33 -> 0 | FZ33: =DU33-FP33-FQ33+FR33 -> 0 | GA33: =FQ33-FR33 -> 0 | GB33: =ROUND(SUMIF(AA28:AA31,"=86508782",GX28:GX31),2) -> 0 | GC33: =ROUND(SUMIF(AA28:AA31,"=86508782",GY28:GY31),2) -> 0 | GD33: =ROUND(SUMIF(AA28:AA31,"=86508782",GZ28:GZ31),2) -> 0 | GE33: =ROUND(SUMIF(AA28:AA31,"=86508782",HD28:HD31),2) -> 0 | GX33: 0
A35: 50 | B35: 0 | C35: 0 | D35: 1 | E35: 201 | F35: =ROUND(Source!O33,O35) -> 62.04 | G35: ПЗ | H35: Прямые затраты | K35: 201 | L35: 1 | M35: 3 | O35: 2 | P35: =ROUND(Source!DG33,O35) -> 3583.43 | W35: 62.04 | X35: 1 | Y35: 62.04 | Z35: 3583.43 | AA35: 1 | AB35: 3583.43
A36: 50 | B36: 0 | C36: 0 | D36: 1 | E36: 202 | F36: =ROUND(Source!P33,O36) -> 0 | G36: СтМатОб | H36: Стоимость материальных ресурсов (всего) | K36: 202 | L36: 2 | M36: 3 | O36: 2 | P36: =ROUND(Source!DH33,O36) -> 0 | W36: 0 | X36: 1 | Y36: 0 | Z36: 0 | AA36: 1 | AB36: 0
A37: 50 | B37: 0 | C37: 0 | D37: 1 | E37: 222 | F37: =ROUND(Source!AO33,O37) -> 0 | G37: СтМатОбЗак | H37: Стоимость материалов и оборудования заказчика | K37: 222 | L37: 3 | M37: 3 | O37: 2 | P37: =ROUND(Source!EG33,O37) -> 0 | W37: 0 | X37: 1 | Y37: 0 | Z37: 0 | AA37: 1 | AB37: 0
A38: 50 | B38: 0 | C38: 0 | D38: 1 | E38: 225 | F38: =ROUND(Source!AV33,O38) -> 0 | G38: СтМатОбПод | H38: Стоимость материалов и оборудования подрядчика | K38: 225 | L38: 4 | M38: 3 | O38: 2 | P38: =ROUND(Source!EN33,O38) -> 0 | W38: 0 | X38: 1 | Y38: 0 | Z38: 0 | AA38: 1 | AB38: 0
A39: 50 | B39: 0 | C39: 0 | D39: 1 | E39: 226 | F39: =ROUND(Source!AW33,O39) -> 0 | G39: СтМат | H39: Стоимость материалов (всего) | K39: 226 | L39: 5 | M39: 3 | O39: 2 | P39: =ROUND(Source!EO33,O39) -> 0 | W39: 0 | X39: 1 | Y39: 0 | Z39: 0 | AA39: 1 | AB39: 0
A40: 50 | B40: 0 | C40: 0 | D40: 1 | E40: 227 | F40: =ROUND(Source!AX33,O40) -> 0 | G40: СтМатЗак | H40: Стоимость материалов заказчика | K40: 227 | L40: 6 | M40: 3 | O40: 2 | P40: =ROUND(Source!EP33,O40) -> 0 | W40: 0 | X40: 1 | Y40: 0 | Z40: 0 | AA40: 1 | AB40: 0
A41: 50 | B41: 0 | C41: 0 | D41: 1 | E41: 228 | F41: =ROUND(Source!AY33,O41) -> 0 | G41: СтМатПод | H41: Стоимость материалов подрядчика | K41: 228 | L41: 7 | M41: 3 | O41: 2 | P41: =ROUND(Source!EQ33,O41) -> 0 | W41: 0 | X41: 1 | Y41: 0 | Z41: 0 | AA41: 1 | AB41: 0
A42: 50 | B42: 0 | C42: 0 | D42: 1 | E42: 216 | F42: =ROUND(Source!AP33,O42) -> 0 | G42: Оборуд | H42: Стоимость оборудования (всего) | K42: 216 | L42: 8 | M42: 3 | O42: 2 | P42: =ROUND(Source!EH33,O42) -> 0 | W42: 0 | X42: 1 | Y42: 0 | Z42: 0 | AA42: 1 | AB42: 0
A43: 50 | B43: 0 | C43: 0 | D43: 1 | E43: 223 | F43: =ROUND(Source!AQ33,O43) -> 0 | G43: ОборудЗак | H43: Стоимость оборудования заказчика | K43: 223 | L43: 9 | M43: 3 | O43: 2 | P43: =ROUND(Source!EI33,O43) -> 0 | W43: 0 | X43: 1 | Y43: 0 | Z43: 0 | AA43: 1 | AB43: 0
A44: 50 | B44: 0 | C44: 0 | D44: 1 | E44: 229 | F44: =ROUND(Source!AZ33,O44) -> 0 | G44: ОборудПод | H44: Стоимость оборудования подрядчика | K44: 229 | L44: 10 | M44: 3 | O44: 2 | P44: =ROUND(Source!ER33,O44) -> 0 | W44: 0 | X44: 1 | Y44: 0 | Z44: 0 | AA44: 1 | AB44: 0
A45: 50 | B45: 0 | C45: 0 | D45: 1 | E45: 203 | F45: =ROUND(Source!Q33,O45) -> 0 | G45: ЭММ | H45: Эксплуатация машин | K45: 203 | L45: 11 | M45: 3 | O45: 2 | P45: =ROUND(Source!DI33,O45) -> 0 | W45: 0 | X45: 1 | Y45: 0 | Z45: 0 | AA45: 1 | AB45: 0
A46: 50 | B46: 0 | C46: 0 | D46: 1 | E46: 231 | F46: =ROUND(Source!BB33,O46) -> 0 | G46: ЭММсНРиСП | H46: Эксплуатация машин по ТСН-2001.16 | K46: 231 | L46: 12 | M46: 3 | O46: 2 | P46: =ROUND(Source!ET33,O46) -> 0 | W46: 0 | X46: 1 | Y46: 0 | Z46: 0 | AA46: 1 | AB46: 0
A47: 50 | B47: 0 | C47: 0 | D47: 1 | E47: 204 | F47: =ROUND(Source!R33,O47) -> 0 | G47: ЗПМ | H47: ЗП машинистов | K47: 204 | L47: 13 | M47: 3 | O47: 2 | P47: =ROUND(Source!DJ33,O47) -> 0 | W47: 0 | X47: 1 | Y47: 0 | Z47: 0 | AA47: 1 | AB47: 0
A48: 50 | B48: 0 | C48: 0 | D48: 1 | E48: 205 | F48: =ROUND(Source!S33,O48) -> 62.04 | G48: ОЗП | H48: Основная ЗП рабочих | K48: 205 | L48: 14 | M48: 3 | O48: 2 | P48: =ROUND(Source!DK33,O48) -> 3583.43 | W48: 62.04 | X48: 1 | Y48: 62.04 | Z48: 3583.43 | AA48: 1 | AB48: 3583.43
A49: 50 | B49: 0 | C49: 0 | D49: 1 | E49: 232 | F49: =ROUND(Source!BC33,O49) -> 0 | G49: ОЗПсНРиСП | H49: Основная ЗП рабочих по ТСН-2001.16 | K49: 232 | L49: 15 | M49: 3 | O49: 2 | P49: =ROUND(Source!EU33,O49) -> 0 | W49: 0 | X49: 1 | Y49: 0 | Z49: 0 | AA49: 1 | AB49: 0
A50: 50 | B50: 0 | C50: 0 | D50: 1 | E50: 214 | F50: =ROUND(Source!AS33,O50) -> 0 | G50: Строит | H50: Строительные работы с НР и СП | K50: 214 | L50: 16 | M50: 3 | O50: 2 | P50: =ROUND(Source!EK33,O50) -> 0 | W50: 0 | X50: 1 | Y50: 0 | Z50: 0 | AA50: 1 | AB50: 0
A51: 50 | B51: 0 | C51: 0 | D51: 1 | E51: 215 | F51: =ROUND(Source!AT33,O51) -> 0 | G51: Монтаж | H51: Монтажные работы с НР и СП | K51: 215 | L51: 17 | M51: 3 | O51: 2 | P51: =ROUND(Source!EL33,O51) -> 0 | W51: 0 | X51: 1 | Y51: 0 | Z51: 0 | AA51: 1 | AB51: 0
A52: 50 | B52: 0 | C52: 0 | D52: 1 | E52: 217 | F52: =ROUND(Source!AU33,O52) -> 130.28 | G52: Прочие | H52: Прочие работы с НР и СП | K52: 217 | L52: 18 | M52: 3 | O52: 2 | P52: =ROUND(Source!EM33,O52) -> 7525.21 | W52: 130.28 | X52: 1 | Y52: 130.28 | Z52: 7525.21 | AA52: 1 | AB52: 7525.21
A53: 50 | B53: 0 | C53: 0 | D53: 1 | E53: 230 | F53: =ROUND(Source!BA33,O53) -> 0 | G53: ПрочиеЗатр | H53: Прочие затраты по ТСН-2001.16 | K53: 230 | L53: 19 | M53: 3 | O53: 2 | P53: =ROUND(Source!ES33,O53) -> 0 | W53: 0 | X53: 1 | Y53: 0 | Z53: 0 | AA53: 1 | AB53: 0
A54: 50 | B54: 0 | C54: 0 | D54: 1 | E54: 206 | F54: =ROUND(Source!T33,O54) -> 0 | G54: ВозврМат | H54: Возврат материалов | K54: 206 | L54: 20 | M54: 3 | O54: 2 | P54: =ROUND(Source!DL33,O54) -> 0 | W54: 0 | X54: 1 | Y54: 0 | Z54: 0 | AA54: 1 | AB54: 0
A55: 50 | B55: 0 | C55: 0 | D55: 1 | E55: 207 | F55: =Source!U33 -> 3.92 | G55: ТрудСтр | H55: Трудозатраты строителей | K55: 207 | L55: 21 | M55: 3 | O55: -1 | P55: =Source!DM33 -> 3.92 | W55: 3.92 | X55: 1 | Y55: 3.92 | Z55: 3.92 | AA55: 1 | AB55: 3.92
A56: 50 | B56: 0 | C56: 0 | D56: 1 | E56: 208 | F56: =Source!V33 -> 0 | G56: ТрудМаш | H56: Трудозатраты машинистов | K56: 208 | L56: 22 | M56: 3 | O56: -1 | P56: =Source!DN33 -> 0 | W56: 0 | X56: 1 | Y56: 0 | Z56: 0 | AA56: 1 | AB56: 0
A57: 50 | B57: 0 | C57: 0 | D57: 1 | E57: 209 | F57: =ROUND(Source!W33,O57) -> 0 | G57: ТранспМат | H57: Транспорт материалов | K57: 209 | L57: 23 | M57: 3 | O57: 2 | P57: =ROUND(Source!DO33,O57) -> 0 | W57: 0 | X57: 1 | Y57: 0 | Z57: 0 | AA57: 1 | AB57: 0
A58: 50 | B58: 0 | C58: 0 | D58: 1 | E58: 233 | F58: =ROUND(Source!BD33,O58) -> 0 | G58: Перевозка | H58: Перевозка грузов | K58: 233 | L58: 24 | M58: 3 | O58: 2 | P58: =ROUND(Source!EV33,O58) -> 0 | W58: 0 | X58: 1 | Y58: 0 | Z58: 0 | AA58: 1 | AB58: 0
A59: 50 | B59: 0 | C59: 0 | D59: 1 | E59: 210 | F59: =ROUND(Source!X33,O59) -> 45.91 | G59: НР | H59: Накладные расходы | K59: 210 | L59: 25 | M59: 3 | O59: 2 | P59: =ROUND(Source!DP33,O59) -> 2651.74 | W59: 45.91 | X59: 1 | Y59: 45.91 | Z59: 2651.74 | AA59: 1 | AB59: 2651.74
A60: 50 | B60: 0 | C60: 0 | D60: 1 | E60: 211 | F60: =ROUND(Source!Y33,O60) -> 22.33 | G60: СмПриб | H60: Сметная прибыль | K60: 211 | L60: 26 | M60: 3 | O60: 2 | P60: =ROUND(Source!DQ33,O60) -> 1290.04 | W60: 22.33 | X60: 1 | Y60: 22.33 | Z60: 1290.04 | AA60: 1 | AB60: 1290.04
A61: 50 | B61: 0 | C61: 0 | D61: 1 | E61: 224 | F61: =ROUND(Source!AR33,O61) -> 130.28 | G61: Всего | H61: Всего с НР и СП | K61: 224 | L61: 27 | M61: 3 | O61: 2 | P61: =ROUND(Source!EJ33,O61) -> 7525.21 | W61: 130.28 | X61: 1 | Y61: 130.28 | Z61: 7525.21 | AA61: 1 | AB61: 7525.21
A63: 51 | B63: =B20 -> 1 | C63: =A20 -> 3 | D63: =ROW(A20) -> 20 | F63: =IF(F20<>"",F20,"") -> ЛС-09-01-01 | G63: =IF(G20<>"",G20,"") -> Пусконаладочные работы электрохимической защиты | H63: 0 | O63: =ROUND(O33+AB63,2) -> 62.04 | P63: =ROUND(P33+AC63,2) -> 0 | Q63: =ROUND(Q33+AD63,2) -> 0 | R63: =ROUND(R33+AE63,2) -> 0 | S63: =ROUND(S33+AF63,2) -> 62.04 | T63: =ROUND(T33+AG63,2) -> 0 | U63: =U33+AH63 -> 3.92 | V63: =V33+AI63 -> 0 | W63: =ROUND(W33+AJ63,2) -> 0 | X63: =ROUND(X33+AK63,2) -> 45.91 | Y63: =ROUND(Y33+AL63,2) -> 22.33 | AO63: =ROUND(AO33+BX63,2) -> 0 | AP63: =ROUND(AP33+BY63,2) -> 0 | AQ63: =ROUND(AQ33+BZ63,2) -> 0 | AR63: =ROUND(AR33+CA63,2) -> 130.28 | AS63: =ROUND(AS33+CB63,2) -> 0 | AT63: =ROUND(AT33+CC63,2) -> 0 | AU63: =ROUND(AU33+CD63,2) -> 130.28 | AV63: =ROUND(AV33+CE63,2) -> 0 | ... BD63: =ROUND(BD33+CM63,2) -> 0 | DG63: =ROUND(DG33+DT63,2) -> 3583.43 | DH63: =ROUND(DH33+DU63,2) -> 0 | DI63: =ROUND(DI33+DV63,2) -> 0 | DJ63: =ROUND(DJ33+DW63,2) -> 0 | DK63: =ROUND(DK33+DX63,2) -> 3583.43 | DL63: =ROUND(DL33+DY63,2) -> 0 | DM63: =DM33+DZ63 -> 3.92 | DN63: =DN33+EA63 -> 0 | DO63: =ROUND(DO33+EB63,2) -> 0 | DP63: =ROUND(DP33+EC63,2) -> 2651.74 | DQ63: =ROUND(DQ33+ED63,2) -> 1290.04 | EG63: =ROUND(EG33+FP63,2) -> 0 | EH63: =ROUND(EH33+FQ63,2) -> 0 | EI63: =ROUND(EI33+FR63,2) -> 0 | EJ63: =ROUND(EJ33+FS63,2) -> 7525.21 | EK63: =ROUND(EK33+FT63,2) -> 0 | EL63: =ROUND(EL33+FU63,2) -> 0 | EM63: =ROUND(EM33+FV63,2) -> 7525.21 | EN63: =ROUND(EN33+FW63,2) -> 0 | ... EV63: =ROUND(EV33+GE63,2) -> 0 | GX63: 0
A65: 50 | B65: 0 | C65: 0 | D65: 1 | E65: 201 | F65: =ROUND(Source!O63,O65) -> 62.04 | G65: ПЗ | H65: Прямые затраты | K65: 201 | L65: 1 | M65: 3 | O65: 2 | P65: =ROUND(Source!DG63,O65) -> 3583.43 | W65: 62.04 | X65: 1 | Y65: 62.04 | Z65: 3583.43 | AA65: 1 | AB65: 3583.43
A66: 50 | B66: 0 | C66: 0 | D66: 1 | E66: 202 | F66: =ROUND(Source!P63,O66) -> 0 | G66: СтМатОб | H66: Стоимость материальных ресурсов (всего) | K66: 202 | L66: 2 | M66: 3 | O66: 2 | P66: =ROUND(Source!DH63,O66) -> 0 | W66: 0 | X66: 1 | Y66: 0 | Z66: 0 | AA66: 1 | AB66: 0
A67: 50 | B67: 0 | C67: 0 | D67: 1 | E67: 222 | F67: =ROUND(Source!AO63,O67) -> 0 | G67: СтМатОбЗак | H67: Стоимость материалов и оборудования заказчика | K67: 222 | L67: 3 | M67: 3 | O67: 2 | P67: =ROUND(Source!EG63,O67) -> 0 | W67: 0 | X67: 1 | Y67: 0 | Z67: 0 | AA67: 1 | AB67: 0
A68: 50 | B68: 0 | C68: 0 | D68: 1 | E68: 225 | F68: =ROUND(Source!AV63,O68) -> 0 | G68: СтМатОбПод | H68: Стоимость материалов и оборудования подрядчика | K68: 225 | L68: 4 | M68: 3 | O68: 2 | P68: =ROUND(Source!EN63,O68) -> 0 | W68: 0 | X68: 1 | Y68: 0 | Z68: 0 | AA68: 1 | AB68: 0
A69: 50 | B69: 0 | C69: 0 | D69: 1 | E69: 226 | F69: =ROUND(Source!AW63,O69) -> 0 | G69: СтМат | H69: Стоимость материалов (всего) | K69: 226 | L69: 5 | M69: 3 | O69: 2 | P69: =ROUND(Source!EO63,O69) -> 0 | W69: 0 | X69: 1 | Y69: 0 | Z69: 0 | AA69: 1 | AB69: 0
A70: 50 | B70: 0 | C70: 0 | D70: 1 | E70: 227 | F70: =ROUND(Source!AX63,O70) -> 0 | G70: СтМатЗак | H70: Стоимость материалов заказчика | K70: 227 | L70: 6 | M70: 3 | O70: 2 | P70: =ROUND(Source!EP63,O70) -> 0 | W70: 0 | X70: 1 | Y70: 0 | Z70: 0 | AA70: 1 | AB70: 0
A71: 50 | B71: 0 | C71: 0 | D71: 1 | E71: 228 | F71: =ROUND(Source!AY63,O71) -> 0 | G71: СтМатПод | H71: Стоимость материалов подрядчика | K71: 228 | L71: 7 | M71: 3 | O71: 2 | P71: =ROUND(Source!EQ63,O71) -> 0 | W71: 0 | X71: 1 | Y71: 0 | Z71: 0 | AA71: 1 | AB71: 0
A72: 50 | B72: 0 | C72: 0 | D72: 1 | E72: 216 | F72: =ROUND(Source!AP63,O72) -> 0 | G72: Оборуд | H72: Стоимость оборудования (всего) | K72: 216 | L72: 8 | M72: 3 | O72: 2 | P72: =ROUND(Source!EH63,O72) -> 0 | W72: 0 | X72: 1 | Y72: 0 | Z72: 0 | AA72: 1 | AB72: 0
A73: 50 | B73: 1 | C73: 0 | D73: 1 | E73: 223 | F73: =ROUND(Source!AQ63,O73) -> 0 | G73: ОборудЗак | H73: Стоимость оборудования заказчика | K73: 223 | L73: 9 | M73: 0 | O73: 2 | P73: =ROUND(Source!EI63,O73) -> 0 | W73: 0 | X73: 1 | Y73: 0 | Z73: 0 | AA73: 1 | AB73: 0
A74: 50 | B74: 0 | C74: 0 | D74: 1 | E74: 229 | F74: =ROUND(Source!AZ63,O74) -> 0 | G74: ОборудПод | H74: Стоимость оборудования подрядчика | K74: 229 | L74: 10 | M74: 3 | O74: 2 | P74: =ROUND(Source!ER63,O74) -> 0 | W74: 0 | X74: 1 | Y74: 0 | Z74: 0 | AA74: 1 | AB74: 0
A75: 50 | B75: 0 | C75: 0 | D75: 1 | E75: 203 | F75: =ROUND(Source!Q63,O75) -> 0 | G75: ЭММ | H75: Эксплуатация машин | K75: 203 | L75: 11 | M75: 3 | O75: 2 | P75: =ROUND(Source!DI63,O75) -> 0 | W75: 0 | X75: 1 | Y75: 0 | Z75: 0 | AA75: 1 | AB75: 0
A76: 50 | B76: 0 | C76: 0 | D76: 1 | E76: 231 | F76: =ROUND(Source!BB63,O76) -> 0 | G76: ЭММсНРиСП | H76: Эксплуатация машин по ТСН-2001.16 | K76: 231 | L76: 12 | M76: 3 | O76: 2 | P76: =ROUND(Source!ET63,O76) -> 0 | W76: 0 | X76: 1 | Y76: 0 | Z76: 0 | AA76: 1 | AB76: 0
A77: 50 | B77: 0 | C77: 0 | D77: 1 | E77: 204 | F77: =ROUND(Source!R63,O77) -> 0 | G77: ЗПМ | H77: ЗП машинистов | K77: 204 | L77: 13 | M77: 3 | O77: 2 | P77: =ROUND(Source!DJ63,O77) -> 0 | W77: 0 | X77: 1 | Y77: 0 | Z77: 0 | AA77: 1 | AB77: 0
A78: 50 | B78: 0 | C78: 0 | D78: 1 | E78: 205 | F78: =ROUND(Source!S63,O78) -> 62.04 | G78: ОЗП | H78: Основная ЗП рабочих | K78: 205 | L78: 14 | M78: 3 | O78: 2 | P78: =ROUND(Source!DK63,O78) -> 3583.43 | W78: 62.04 | X78: 1 | Y78: 62.04 | Z78: 3583.43 | AA78: 1 | AB78: 3583.43
A79: 50 | B79: 0 | C79: 0 | D79: 1 | E79: 214 | F79: =ROUND(Source!AS63,O79) -> 0 | G79: Строит | H79: Строительные работы с НР и СП | K79: 214 | L79: 15 | M79: 3 | O79: 2 | P79: =ROUND(Source!EK63,O79) -> 0 | W79: 0 | X79: 1 | Y79: 0 | Z79: 0 | AA79: 1 | AB79: 0
A80: 50 | B80: 0 | C80: 0 | D80: 1 | E80: 232 | F80: =ROUND(Source!BC63,O80) -> 0 | G80: ОЗПсНРиСП | H80: Основная ЗП рабочих по ТСН-2001.16 | K80: 232 | L80: 16 | M80: 3 | O80: 2 | P80: =ROUND(Source!EU63,O80) -> 0 | W80: 0 | X80: 1 | Y80: 0 | Z80: 0 | AA80: 1 | AB80: 0
A81: 50 | B81: 0 | C81: 0 | D81: 1 | E81: 215 | F81: =ROUND(Source!AT63,O81) -> 0 | G81: Монтаж | H81: Монтажные работы с НР и СП | K81: 215 | L81: 17 | M81: 3 | O81: 2 | P81: =ROUND(Source!EL63,O81) -> 0 | W81: 0 | X81: 1 | Y81: 0 | Z81: 0 | AA81: 1 | AB81: 0
A82: 50 | B82: 0 | C82: 0 | D82: 1 | E82: 217 | F82: =ROUND(Source!AU63,O82) -> 130.28 | G82: Прочие | H82: Прочие работы с НР и СП | K82: 217 | L82: 18 | M82: 3 | O82: 2 | P82: =ROUND(Source!EM63,O82) -> 7525.21 | W82: 130.28 | X82: 1 | Y82: 130.28 | Z82: 7525.21 | AA82: 1 | AB82: 7525.21
A83: 50 | B83: 0 | C83: 0 | D83: 1 | E83: 230 | F83: =ROUND(Source!BA63,O83) -> 0 | G83: ПрочиеЗатр | H83: Прочие затраты по ТСН-2001.16 | K83: 230 | L83: 19 | M83: 3 | O83: 2 | P83: =ROUND(Source!ES63,O83) -> 0 | W83: 0 | X83: 1 | Y83: 0 | Z83: 0 | AA83: 1 | AB83: 0
A84: 50 | B84: 0 | C84: 0 | D84: 1 | E84: 206 | F84: =ROUND(Source!T63,O84) -> 0 | G84: ВозврМат | H84: Возврат материалов | K84: 206 | L84: 20 | M84: 3 | O84: 2 | P84: =ROUND(Source!DL63,O84) -> 0 | W84: 0 | X84: 1 | Y84: 0 | Z84: 0 | AA84: 1 | AB84: 0
A85: 50 | B85: 0 | C85: 0 | D85: 1 | E85: 207 | F85: =Source!U63 -> 3.92 | G85: ТрудСтр | H85: Трудозатраты строителей | K85: 207 | L85: 21 | M85: 3 | O85: -1 | P85: =Source!DM63 -> 3.92 | W85: 3.92 | X85: 1 | Y85: 3.92 | Z85: 3.92 | AA85: 1 | AB85: 3.92
A86: 50 | B86: 0 | C86: 0 | D86: 1 | E86: 208 | F86: =Source!V63 -> 0 | G86: ТрудМаш | H86: Трудозатраты машинистов | K86: 208 | L86: 22 | M86: 3 | O86: -1 | P86: =Source!DN63 -> 0 | W86: 0 | X86: 1 | Y86: 0 | Z86: 0 | AA86: 1 | AB86: 0
A87: 50 | B87: 0 | C87: 0 | D87: 1 | E87: 209 | F87: =ROUND(Source!W63,O87) -> 0 | G87: ТранспМат | H87: Транспорт материалов | K87: 209 | L87: 23 | M87: 3 | O87: 2 | P87: =ROUND(Source!DO63,O87) -> 0 | W87: 0 | X87: 1 | Y87: 0 | Z87: 0 | AA87: 1 | AB87: 0
A88: 50 | B88: 0 | C88: 0 | D88: 1 | E88: 233 | F88: =ROUND(Source!BD63,O88) -> 0 | G88: Перевозка | H88: Перевозка грузов | K88: 233 | L88: 24 | M88: 3 | O88: 2 | P88: =ROUND(Source!EV63,O88) -> 0 | W88: 0 | X88: 1 | Y88: 0 | Z88: 0 | AA88: 1 | AB88: 0
A89: 50 | B89: 0 | C89: 0 | D89: 1 | E89: 210 | F89: =ROUND(Source!X63,O89) -> 45.91 | G89: НР | H89: Накладные расходы | K89: 210 | L89: 25 | M89: 3 | O89: 2 | P89: =ROUND(Source!DP63,O89) -> 2651.74 | W89: 45.91 | X89: 1 | Y89: 45.91 | Z89: 2651.74 | AA89: 1 | AB89: 2651.74
A90: 50 | B90: 0 | C90: 0 | D90: 1 | E90: 211 | F90: =ROUND(Source!Y63,O90) -> 22.33 | G90: СмПриб | H90: Сметная прибыль | K90: 211 | L90: 26 | M90: 3 | O90: 2 | P90: =ROUND(Source!DQ63,O90) -> 1290.04 | W90: 22.33 | X90: 1 | Y90: 22.33 | Z90: 1290.04 | AA90: 1 | AB90: 1290.04
A91: 50 | B91: 0 | C91: 0 | D91: 1 | E91: 224 | F91: =ROUND(Source!AR63,O91) -> 130.28 | G91: Всего | H91: Всего с НР и СП | K91: 224 | L91: 27 | M91: 3 | O91: 2 | P91: =ROUND(Source!EJ63,O91) -> 7525.21 | W91: 130.28 | X91: 1 | Y91: 130.28 | Z91: 7525.21 | AA91: 1 | AB91: 7525.21
A93: 51 | B93: =B12 -> 130 | C93: =A12 -> 1 | D93: =ROW(A12) -> 12 | F93: =IF(F12<>"",F12,"") -> ЛС-09-01-01 | G93: =IF(G12<>"",G12,"") -> Пусконаладочные работы электрохимической защиты | H93: 0 | O93: =ROUND(O63,2) -> 62.04 | P93: =ROUND(P63,2) -> 0 | Q93: =ROUND(Q63,2) -> 0 | R93: =ROUND(R63,2) -> 0 | S93: =ROUND(S63,2) -> 62.04 | T93: =ROUND(T63,2) -> 0 | U93: =U63 -> 3.92 | V93: =V63 -> 0 | W93: =ROUND(W63,2) -> 0 | X93: =ROUND(X63,2) -> 45.91 | Y93: =ROUND(Y63,2) -> 22.33 | AO93: =ROUND(AO63,2) -> 0 | AP93: =ROUND(AP63,2) -> 0 | AQ93: =ROUND(AQ63,2) -> 0 | AR93: =ROUND(AR63,2) -> 130.28 | AS93: =ROUND(AS63,2) -> 0 | AT93: =ROUND(AT63,2) -> 0 | AU93: =ROUND(AU63,2) -> 130.28 | AV93: =ROUND(AV63,2) -> 0 | ... BD93: =ROUND(BD63,2) -> 0 | DG93: =ROUND(DG63,2) -> 3583.43 | DH93: =ROUND(DH63,2) -> 0 | DI93: =ROUND(DI63,2) -> 0 | DJ93: =ROUND(DJ63,2) -> 0 | DK93: =ROUND(DK63,2) -> 3583.43 | DL93: =ROUND(DL63,2) -> 0 | DM93: =DM63 -> 3.92 | DN93: =DN63 -> 0 | DO93: =ROUND(DO63,2) -> 0 | DP93: =ROUND(DP63,2) -> 2651.74 | DQ93: =ROUND(DQ63,2) -> 1290.04 | EG93: =ROUND(EG63,2) -> 0 | EH93: =ROUND(EH63,2) -> 0 | EI93: =ROUND(EI63,2) -> 0 | EJ93: =ROUND(EJ63,2) -> 7525.21 | EK93: =ROUND(EK63,2) -> 0 | EL93: =ROUND(EL63,2) -> 0 | EM93: =ROUND(EM63,2) -> 7525.21 | EN93: =ROUND(EN63,2) -> 0 | ... EV93: =ROUND(EV63,2) -> 0 | GX93: 0
A95: 50 | B95: 0 | C95: 0 | D95: 1 | E95: 201 | F95: =ROUND(Source!O93,O95) -> 62.04 | G95: ПЗ | H95: Прямые затраты | K95: 201 | L95: 1 | M95: 3 | O95: 2 | P95: =ROUND(Source!DG93,O95) -> 3583.43 | W95: 62.04 | X95: 1 | Y95: 62.04 | Z95: 3583.43 | AA95: 1 | AB95: 3583.43
A96: 50 | B96: 0 | C96: 0 | D96: 1 | E96: 202 | F96: =ROUND(Source!P93,O96) -> 0 | G96: СтМатОб | H96: Стоимость материальных ресурсов (всего) | K96: 202 | L96: 2 | M96: 3 | O96: 2 | P96: =ROUND(Source!DH93,O96) -> 0 | W96: 0 | X96: 1 | Y96: 0 | Z96: 0 | AA96: 1 | AB96: 0
A97: 50 | B97: 0 | C97: 0 | D97: 1 | E97: 222 | F97: =ROUND(Source!AO93,O97) -> 0 | G97: СтМатОбЗак | H97: Стоимость материалов и оборудования заказчика | K97: 222 | L97: 3 | M97: 3 | O97: 2 | P97: =ROUND(Source!EG93,O97) -> 0 | W97: 0 | X97: 1 | Y97: 0 | Z97: 0 | AA97: 1 | AB97: 0
A98: 50 | B98: 0 | C98: 0 | D98: 1 | E98: 225 | F98: =ROUND(Source!AV93,O98) -> 0 | G98: СтМатОбПод | H98: Стоимость материалов и оборудования подрядчика | K98: 225 | L98: 4 | M98: 3 | O98: 2 | P98: =ROUND(Source!EN93,O98) -> 0 | W98: 0 | X98: 1 | Y98: 0 | Z98: 0 | AA98: 1 | AB98: 0
A99: 50 | B99: 0 | C99: 0 | D99: 1 | E99: 226 | F99: =ROUND(Source!AW93,O99) -> 0 | G99: СтМат | H99: Стоимость материалов (всего) | K99: 226 | L99: 5 | M99: 3 | O99: 2 | P99: =ROUND(Source!EO93,O99) -> 0 | W99: 0 | X99: 1 | Y99: 0 | Z99: 0 | AA99: 1 | AB99: 0
A100: 50 | B100: 0 | C100: 0 | D100: 1 | E100: 227 | F100: =ROUND(Source!AX93,O100) -> 0 | G100: СтМатЗак | H100: Стоимость материалов заказчика | K100: 227 | L100: 6 | M100: 3 | O100: 2 | P100: =ROUND(Source!EP93,O100) -> 0 | W100: 0 | X100: 1 | Y100: 0 | Z100: 0 | AA100: 1 | AB100: 0
A101: 50 | B101: 0 | C101: 0 | D101: 1 | E101: 228 | F101: =ROUND(Source!AY93,O101) -> 0 | G101: СтМатПод | H101: Стоимость материалов подрядчика | K101: 228 | L101: 7 | M101: 3 | O101: 2 | P101: =ROUND(Source!EQ93,O101) -> 0 | W101: 0 | X101: 1 | Y101: 0 | Z101: 0 | AA101: 1 | AB101: 0
A102: 50 | B102: 0 | C102: 0 | D102: 1 | E102: 216 | F102: =ROUND(Source!AP93,O102) -> 0 | G102: Оборуд | H102: Стоимость оборудования (всего) | K102: 216 | L102: 8 | M102: 3 | O102: 2 | P102: =ROUND(Source!EH93,O102) -> 0 | W102: 0 | X102: 1 | Y102: 0 | Z102: 0 | AA102: 1 | AB102: 0
A103: 50 | B103: 0 | C103: 0 | D103: 1 | E103: 223 | F103: =ROUND(Source!AQ93,O103) -> 0 | G103: ОборудЗак | H103: Стоимость оборудования заказчика | K103: 223 | L103: 9 | M103: 3 | O103: 2 | P103: =ROUND(Source!EI93,O103) -> 0 | W103: 0 | X103: 1 | Y103: 0 | Z103: 0 | AA103: 1 | AB103: 0
A104: 50 | B104: 0 | C104: 0 | D104: 1 | E104: 229 | F104: =ROUND(Source!AZ93,O104) -> 0 | G104: ОборудПод | H104: Стоимость оборудования подрядчика | K104: 229 | L104: 10 | M104: 3 | O104: 2 | P104: =ROUND(Source!ER93,O104) -> 0 | W104: 0 | X104: 1 | Y104: 0 | Z104: 0 | AA104: 1 | AB104: 0
A105: 50 | B105: 0 | C105: 0 | D105: 1 | E105: 203 | F105: =ROUND(Source!Q93,O105) -> 0 | G105: ЭММ | H105: Эксплуатация машин | K105: 203 | L105: 11 | M105: 3 | O105: 2 | P105: =ROUND(Source!DI93,O105) -> 0 | W105: 0 | X105: 1 | Y105: 0 | Z105: 0 | AA105: 1 | AB105: 0
A106: 50 | B106: 0 | C106: 0 | D106: 1 | E106: 231 | F106: =ROUND(Source!BB93,O106) -> 0 | G106: ЭММсНРиСП | H106: Эксплуатация машин по ТСН-2001.16 | K106: 231 | L106: 12 | M106: 3 | O106: 2 | P106: =ROUND(Source!ET93,O106) -> 0 | W106: 0 | X106: 1 | Y106: 0 | Z106: 0 | AA106: 1 | AB106: 0
A107: 50 | B107: 0 | C107: 0 | D107: 1 | E107: 204 | F107: =ROUND(Source!R93,O107) -> 0 | G107: ЗПМ | H107: ЗП машинистов | K107: 204 | L107: 13 | M107: 3 | O107: 2 | P107: =ROUND(Source!DJ93,O107) -> 0 | W107: 0 | X107: 1 | Y107: 0 | Z107: 0 | AA107: 1 | AB107: 0
A108: 50 | B108: 0 | C108: 0 | D108: 1 | E108: 205 | F108: =ROUND(Source!S93,O108) -> 62.04 | G108: ОЗП | H108: Основная ЗП рабочих | K108: 205 | L108: 14 | M108: 3 | O108: 2 | P108: =ROUND(Source!DK93,O108) -> 3583.43 | W108: 62.04 | X108: 1 | Y108: 62.04 | Z108: 3583.43 | AA108: 1 | AB108: 3583.43
A109: 50 | B109: 0 | C109: 0 | D109: 1 | E109: 232 | F109: =ROUND(Source!BC93,O109) -> 0 | G109: ОЗПсНРиСП | H109: Основная ЗП рабочих по ТСН-2001.16 | K109: 232 | L109: 15 | M109: 3 | O109: 2 | P109: =ROUND(Source!EU93,O109) -> 0 | W109: 0 | X109: 1 | Y109: 0 | Z109: 0 | AA109: 1 | AB109: 0
A110: 50 | B110: 0 | C110: 0 | D110: 1 | E110: 214 | F110: =ROUND(Source!AS93,O110) -> 0 | G110: Строит | H110: Строительные работы с НР и СП | K110: 214 | L110: 16 | M110: 3 | O110: 2 | P110: =ROUND(Source!EK93,O110) -> 0 | W110: 0 | X110: 1 | Y110: 0 | Z110: 0 | AA110: 1 | AB110: 0
A111: 50 | B111: 0 | C111: 0 | D111: 1 | E111: 215 | F111: =ROUND(Source!AT93,O111) -> 0 | G111: Монтаж | H111: Монтажные работы с НР и СП | K111: 215 | L111: 17 | M111: 3 | O111: 2 | P111: =ROUND(Source!EL93,O111) -> 0 | W111: 0 | X111: 1 | Y111: 0 | Z111: 0 | AA111: 1 | AB111: 0
A112: 50 | B112: 0 | C112: 0 | D112: 1 | E112: 217 | F112: =ROUND(Source!AU93,O112) -> 130.28 | G112: Прочие | H112: Прочие работы с НР и СП | K112: 217 | L112: 18 | M112: 3 | O112: 2 | P112: =ROUND(Source!EM93,O112) -> 7525.21 | W112: 130.28 | X112: 1 | Y112: 130.28 | Z112: 7525.21 | AA112: 1 | AB112: 7525.21
A113: 50 | B113: 0 | C113: 0 | D113: 1 | E113: 230 | F113: =ROUND(Source!BA93,O113) -> 0 | G113: ПрочиеЗатр | H113: Прочие затраты по ТСН-2001.16 | K113: 230 | L113: 19 | M113: 3 | O113: 2 | P113: =ROUND(Source!ES93,O113) -> 0 | W113: 0 | X113: 1 | Y113: 0 | Z113: 0 | AA113: 1 | AB113: 0
A114: 50 | B114: 0 | C114: 0 | D114: 1 | E114: 206 | F114: =ROUND(Source!T93,O114) -> 0 | G114: ВозврМат | H114: Возврат материалов | K114: 206 | L114: 20 | M114: 3 | O114: 2 | P114: =ROUND(Source!DL93,O114) -> 0 | W114: 0 | X114: 1 | Y114: 0 | Z114: 0 | AA114: 1 | AB114: 0
A115: 50 | B115: 0 | C115: 0 | D115: 1 | E115: 207 | F115: =Source!U93 -> 3.92 | G115: ТрудСтр | H115: Трудозатраты строителей | K115: 207 | L115: 21 | M115: 3 | O115: -1 | P115: =Source!DM93 -> 3.92 | W115: 3.92 | X115: 1 | Y115: 3.92 | Z115: 3.92 | AA115: 1 | AB115: 3.92
A116: 50 | B116: 0 | C116: 0 | D116: 1 | E116: 208 | F116: =Source!V93 -> 0 | G116: ТрудМаш | H116: Трудозатраты машинистов | K116: 208 | L116: 22 | M116: 3 | O116: -1 | P116: =Source!DN93 -> 0 | W116: 0 | X116: 1 | Y116: 0 | Z116: 0 | AA116: 1 | AB116: 0
A117: 50 | B117: 0 | C117: 0 | D117: 1 | E117: 209 | F117: =ROUND(Source!W93,O117) -> 0 | G117: ТранспМат | H117: Транспорт материалов | K117: 209 | L117: 23 | M117: 3 | O117: 2 | P117: =ROUND(Source!DO93,O117) -> 0 | W117: 0 | X117: 1 | Y117: 0 | Z117: 0 | AA117: 1 | AB117: 0
A118: 50 | B118: 0 | C118: 0 | D118: 1 | E118: 233 | F118: =ROUND(Source!BD93,O118) -> 0 | G118: Перевозка | H118: Перевозка грузов | K118: 233 | L118: 24 | M118: 3 | O118: 2 | P118: =ROUND(Source!EV93,O118) -> 0 | W118: 0 | X118: 1 | Y118: 0 | Z118: 0 | AA118: 1 | AB118: 0
A119: 50 | B119: 0 | C119: 0 | D119: 1 | E119: 210 | F119: =ROUND(Source!X93,O119) -> 45.91 | G119: НР | H119: Накладные расходы | K119: 210 | L119: 25 | M119: 3 | O119: 2 | P119: =ROUND(Source!DP93,O119) -> 2651.74 | W119: 45.91 | X119: 1 | Y119: 45.91 | Z119: 2651.74 | AA119: 1 | AB119: 2651.74
A120: 50 | B120: 0 | C120: 0 | D120: 1 | E120: 211 | F120: =ROUND(Source!Y93,O120) -> 22.33 | G120: СмПриб | H120: Сметная прибыль | K120: 211 | L120: 26 | M120: 3 | O120: 2 | P120: =ROUND(Source!DQ93,O120) -> 1290.04 | W120: 22.33 | X120: 1 | Y120: 22.33 | Z120: 1290.04 | AA120: 1 | AB120: 1290.04
A121: 50 | B121: 0 | C121: 0 | D121: 1 | E121: 224 | F121: =ROUND(Source!AR93,O121) -> 130.28 | G121: Всего | H121: Всего с НР и СП | K121: 224 | L121: 27 | M121: 3 | O121: 2 | P121: =ROUND(Source!EJ93,O121) -> 7525.21 | W121: 130.28 | X121: 1 | Y121: 130.28 | Z121: 7525.21 | AA121: 1 | AB121: 7525.21
A123: 71 | B123: 1 | D123: 381 | E123: 86426709 | H123: -1 | I123: -1
A126: 70 | B126: 1 | D126: 1 | E126: Инд_исп.Сводный | F126: Используется Индекс "по сводному" | G126: 0 | H126: 0 | J126: 0 | K126: 0 | N126: 0 | O126: 0
A128: -1
...

Sheet SourceObSm
A1: 0 | B1: Smeta.RU (495) 974-1589 | D1: _OBSM_ | F1: 0 | G1: 0 | H1: 0 | I1: Smeta.RU | K1: 1 | L1: 76812 | M1: 10 | N1: 12 | O1: 2 | P1: 0 | Q1: 1
A4: 8 | B4: 1 | C4: -1 | F4: 25МГ-ДПР-2750 | G4: 25МГ-ДПР-2750 — Реконструкция газопровода низкого давления | EC4: 0
A12: 1 | B12: 51 | C12: 0 | E12: 0 | F12: ЛС-09-01-01 | G12: Пусконаладочные работы электрохимической защиты | I12: 0 | J12: Технический отчёт АЗ (ТКР.ТО), выписка "ЭХЗ для смет" (16.09), "Объемы ОПС" | K12: 0 | L12: 0 | M12: 2 | O12: 2026 | P12: 7 | Q12: 0 | R12: 0 | S12: 0 | T12: 1 | U12: Основание:Технический отчёт АЗ (ТКР.ТО), выписка "ЭХЗ для смет" (16.09), "Объемы ОПС" Уровень цен:3 кв 2026 Нормативные индексы ТСН:№ 221 III квартал 2026 Регион:ТСН-2001 г. Москвы (с доп.1-82) | V12: 9 | BB12: 0 | BH12: Сметные нормы списания | BI12: Коды ОКП для ТСН-2001 МГЭ | BJ12: 1 | BK12: 1 | BL12: 0 | BM12: 0 | BN12: 1 | BO12: 0 | BP12: -1 | BQ12: 2 | BR12: 1 | BS12: 0 | BT12: 0 | BU12: 0 | BV12: 0 | BW12: 0 | BX12: 0 | BZ12: Типовой расчет для ТСН-2001 МГЭ, Новая методика с выпуска доп. 43 (Строительство), Доп 64 | CA12: Территориальные сметные нормативы для Москвы ТСН-2001 (МГЭ) | CB12: Территориальные сметные нормативы для Москвы ТСН-2001 (МГЭ) | CC12: Территориальные сметные нормативы для Москвы ТСН-2001 (МГЭ) | CD12: Территориальные сметные нормативы для Москвы ТСН-2001 (МГЭ) | CE12: Поправки для ТСН-2001 от 15.07.2022 г. доп.65 | CF12: 0 | CG12: 0 | CH12: 524296 | CK12: 82 | CQ12: Территориальные сметные нормативы для Москвы (ТСН-2001) | CR12: ТЕР | CS12: 41660 | CT12: 1 | CU12: 72 | CY12: 0 | EC12: 0
A14: 22 | B14: 1 | C14: 0 | D14: 86508781 | E14: 86508782 | F14: 2 | G14: 1
A16: 3 | B16: 1 | C16: ЛС-09-01-01 | D16: Пусконаладочные работы электрохимической защиты | E16: =ROUND((Source!F79)/1000,2) -> 0 | F16: =ROUND((Source!F81)/1000,2) -> 0 | G16: =ROUND((Source!F72)/1000,2) -> 0 | H16: =ROUND((Source!F82)/1000+(Source!F83)/1000,2) -> 0.13 | I16: =E16+F16+G16+H16 -> 0.13 | J16: =ROUND((Source!F78+Source!F77)/1000,2) -> 0.06 | K16: 0.06 | L16: 0 | M16: 0 | N16: =I16+L16+M16 -> 0.13 | T16: =ROUND((Source!P79)/1000,2) -> 0 | U16: =ROUND((Source!P81)/1000,2) -> 0 | V16: =ROUND((Source!P72)/1000,2) -> 0 | W16: =ROUND((Source!P82)/1000+(Source!P83)/1000,2) -> 7.53 | X16: =T16+U16+V16+W16 -> 7.53 | Y16: =ROUND((Source!P78+Source!P77)/1000,2) -> 3.58 | Z16: 3.58 | AA16: 0 | AB16: 0 | AC16: =X16+AA16+AB16 -> 7.53 | AI16: 9 | AJ16: 0 | AK16: Пусконаладочные работы электрохимической защиты | AN16: 0 | AT16: 62.04 | AU16: 0 | AV16: 0 | AW16: 0 | AX16: 0 | AY16: 0 | AZ16: 0 | BA16: 62.04 | BB16: 0 | BC16: 0 | BD16: 130.28 | BE16: 0 | BF16: 3.92 | BG16: 0 | BH16: 0 | BI16: 45.91 | BJ16: 22.33 | BK16: 130.28 | BR16: 3583.43 | BS16: 0 | BT16: 0 | BU16: 0 | BV16: 0 | BW16: 0 | BX16: 0 | BY16: 3583.43 | BZ16: 0 | CA16: 0 | CB16: 7525.21 | CC16: 0 | CD16: 3.92 | CE16: 0 | CF16: 0 | CG16: 2651.74 | CH16: 1290.04 | CI16: 7525.21
A18: 51 | E18: 0 | F18: 0 | G18: 0 | H18: 0.13 | I18: 0.13 | J18: 0.06 | K18: 0.06 | L18: 0 | M18: 0 | N18: 0.13 | T18: 0 | U18: 0 | V18: 0 | W18: 7.53 | X18: 7.53 | Y18: 3.58 | Z18: 3.58 | AA18: 0 | AB18: 0 | AC18: 7.53
A20: 50 | B20: 0 | C20: 0 | D20: 1 | E20: 201 | F20: 62.04 | G20: ПЗ | H20: Прямые затраты | K20: 201 | L20: 1 | M20: 3 | O20: 2 | P20: 3583.43
A21: 50 | B21: 0 | C21: 0 | D21: 1 | E21: 202 | F21: 0 | G21: СтМатОб | H21: Стоимость материальных ресурсов (всего) | K21: 202 | L21: 2 | M21: 3 | O21: 2 | P21: 0
A22: 50 | B22: 0 | C22: 0 | D22: 1 | E22: 222 | F22: 0 | G22: СтМатОбЗак | H22: Стоимость материалов и оборудования заказчика | K22: 222 | L22: 3 | M22: 3 | O22: 2 | P22: 0
A23: 50 | B23: 0 | C23: 0 | D23: 1 | E23: 225 | F23: 0 | G23: СтМатОбПод | H23: Стоимость материалов и оборудования подрядчика | K23: 225 | L23: 4 | M23: 3 | O23: 2 | P23: 0
A24: 50 | B24: 0 | C24: 0 | D24: 1 | E24: 226 | F24: 0 | G24: СтМат | H24: Стоимость материалов (всего) | K24: 226 | L24: 5 | M24: 3 | O24: 2 | P24: 0
A25: 50 | B25: 0 | C25: 0 | D25: 1 | E25: 227 | F25: 0 | G25: СтМатЗак | H25: Стоимость материалов заказчика | K25: 227 | L25: 6 | M25: 3 | O25: 2 | P25: 0
A26: 50 | B26: 0 | C26: 0 | D26: 1 | E26: 228 | F26: 0 | G26: СтМатПод | H26: Стоимость материалов подрядчика | K26: 228 | L26: 7 | M26: 3 | O26: 2 | P26: 0
A27: 50 | B27: 0 | C27: 0 | D27: 1 | E27: 216 | F27: 0 | G27: Оборуд | H27: Стоимость оборудования (всего) | K27: 216 | L27: 8 | M27: 3 | O27: 2 | P27: 0
A28: 50 | B28: 0 | C28: 0 | D28: 1 | E28: 223 | F28: 0 | G28: ОборудЗак | H28: Стоимость оборудования заказчика | K28: 223 | L28: 9 | M28: 3 | O28: 2 | P28: 0
A29: 50 | B29: 0 | C29: 0 | D29: 1 | E29: 229 | F29: 0 | G29: ОборудПод | H29: Стоимость оборудования подрядчика | K29: 229 | L29: 10 | M29: 3 | O29: 2 | P29: 0
A30: 50 | B30: 0 | C30: 0 | D30: 1 | E30: 203 | F30: 0 | G30: ЭММ | H30: Эксплуатация машин | K30: 203 | L30: 11 | M30: 3 | O30: 2 | P30: 0
A31: 50 | B31: 0 | C31: 0 | D31: 1 | E31: 231 | F31: 0 | G31: ЭММсНРиСП | H31: Эксплуатация машин по ТСН-2001.16 | K31: 231 | L31: 12 | M31: 3 | O31: 2 | P31: 0
... A46: 50 | B46: 0 | C46: 0 | D46: 1 | E46: 224 | F46: 130.28 | G46: Всего | H46: Всего с НР и СП | K46: 224 | L46: 27 | M46: 3 | O46: 2 | P46: 7525.21
A48: -1
A51: 75 | B51: Базовые уровень цен | C51: 2000 | D51: 0 | E51: 1 | G51: 0 | H51: 1 | I51: 1 | J51: 3 | K51: 0 | L51: 0 | M51: 0 | N51: 86508781 | O51: 1
A52: 75 | B52: Текущий уровень цен, III квартал 2026, выпуск 221 | C52: 2026 | D52: 0 | E52: 7 | G52: 0 | H52: 2 | I52: 1 | J52: 3 | K52: 0 | L52: 0 | M52: 1 | N52: 86508782 | O52: 2

Sheet SmtRes
A1: =ROW(Source!A28) -> 28 | B1: 86508781 | C1: 86508783 | D1: 0 | E1: 1 | F1: 1 | G1: 30515945 | H1: 1 | I1: 1 | K1: Затраты труда рабочих среднего разряда 1 | L1: 1369 | N1: 1013 | O1: чел.-ч | P1: чел.-ч | Q1: 1 | W1: 0 | X1: -2001970737 | Y1: =AT1 -> 0.8 | AA1: 0 | AB1: 0 | AC1: 0 | AD1: 0 | AE1: 0 | AF1: 0 | AG1: 0 | AH1: 0 | AI1: 1 | AJ1: 1 | AK1: 1 | AL1: 1 | AM1: 0 | AN1: 0 | AO1: 1 | AP1: 0 | AQ1: 0 | AR1: 0 | AT1: 0.8 | AV1: 1 | AW1: 2 | AX1: 86508785 | AY1: 1 | AZ1: 0 | BA1: 1 | BB1: 0 | BC1: 0 | BD1: 0 | BE1: 0 | BF1: 0 | BG1: 0 | BH1: 0 | BI1: 0 | BJ1: 0 | BK1: 0 | BL1: 0 | BM1: 0 | BN1: 0 | BO1: 0 | BP1: 0 | BQ1: 0 | BR1: 0 | BS1: 0 | BT1: 0 | BU1: 0 | BV1: 0 | BW1: 0 | CU1: =ROUND(AT1*Source!I28*AH1*AL1,2) -> 0 | CV1: =ROUND(Y1*Source!I28,9) -> 3.2 | CW1: 0 | CX1: =ROUND(Y1*Source!I28,9) -> 3.2 | CY1: =AD1 -> 0 | CZ1: =AH1 -> 0 | DA1: =AL1 -> 1 | DB1: =ROUND(AT1*CZ1,2) -> 0 | DC1: =ROUND(AT1*AG1,2) -> 0 | DF1: =ROUND(ROUND(AE1,2)*CX1,2) -> 0 | DG1: =ROUND(ROUND(AF1,2)*CX1,2) -> 0 | DH1: =ROUND(ROUND(AG1,2)*ROUND(AT1*Source!I28,9),2) -> 0 | DI1: =ROUND(ROUND(AH1,2)*CX1,2) -> 0 | DJ1: =DI1 -> 0 | DK1: 0 | DM1: 0 | DO1: 0
A2: =ROW(Source!A29) -> 29 | B2: 86508782 | C2: 86508783 | D2: 0 | E2: 1 | F2: 1 | G2: 30515945 | H2: 1 | I2: 1 | K2: Затраты труда рабочих среднего разряда 1 | L2: 1369 | N2: 1013 | O2: чел.-ч | P2: чел.-ч | Q2: 1 | W2: 0 | X2: -2001970737 | Y2: =AT2 -> 0.8 | AA2: 0 | AB2: 0 | AC2: 0 | AD2: 0 | AE2: 0 | AF2: 0 | AG2: 0 | AH2: 0 | AI2: 1 | AJ2: 1 | AK2: 1 | AL2: 1 | AM2: 0 | AN2: 0 | AO2: 1 | AP2: 0 | AQ2: 0 | AR2: 0 | AT2: 0.8 | AV2: 1 | AW2: 2 | AX2: 86508785 | AY2: 1 | AZ2: 0 | BA2: 2 | BB2: 0 | BC2: 0 | BD2: 0 | BE2: 0 | BF2: 0 | BG2: 0 | BH2: 0 | BI2: 0 | BJ2: 0 | BK2: 0 | BL2: 0 | BM2: 0 | BN2: 0 | BO2: 0 | BP2: 0 | BQ2: 0 | BR2: 0 | BS2: 0 | BT2: 0 | BU2: 0 | BV2: 0 | BW2: 0 | CU2: =ROUND(AT2*Source!I29*AH2*AL2,2) -> 0 | CV2: =ROUND(Y2*Source!I29,9) -> 3.2 | CW2: 0 | CX2: =ROUND(Y2*Source!I29,9) -> 3.2 | CY2: =AD2 -> 0 | CZ2: =AH2 -> 0 | DA2: =AL2 -> 1 | DB2: =ROUND(AT2*CZ2,2) -> 0 | DC2: =ROUND(AT2*AG2,2) -> 0 | DF2: =ROUND(ROUND(AE2,2)*CX2,2) -> 0 | DG2: =ROUND(ROUND(AF2,2)*CX2,2) -> 0 | DH2: =ROUND(ROUND(AG2,2)*ROUND(AT2*Source!I29,9),2) -> 0 | DI2: =ROUND(ROUND(AH2,2)*CX2,2) -> 0 | DJ2: =DI2 -> 0 | DK2: 0 | DM2: 0 | DO2: 0
A3: =ROW(Source!A30) -> 30 | B3: 86508781 | C3: 86508786 | D3: 0 | E3: 1 | F3: 1 | G3: 30515945 | H3: 1 | I3: 1 | K3: Затраты труда рабочих среднего разряда 1 | L3: 1369 | N3: 1013 | O3: чел.-ч | P3: чел.-ч | Q3: 1 | W3: 0 | X3: -2001970737 | Y3: =AT3 -> 0.12 | AA3: 0 | AB3: 0 | AC3: 0 | AD3: 0 | AE3: 0 | AF3: 0 | AG3: 0 | AH3: 0 | AI3: 1 | AJ3: 1 | AK3: 1 | AL3: 1 | AM3: 0 | AN3: 0 | AO3: 1 | AP3: 0 | AQ3: 0 | AR3: 0 | AT3: 0.12 | AV3: 1 | AW3: 2 | AX3: 86508788 | AY3: 1 | AZ3: 0 | BA3: 3 | BB3: 0 | BC3: 0 | BD3: 0 | BE3: 0 | BF3: 0 | BG3: 0 | BH3: 0 | BI3: 0 | BJ3: 0 | BK3: 0 | BL3: 0 | BM3: 0 | BN3: 0 | BO3: 0 | BP3: 0 | BQ3: 0 | BR3: 0 | BS3: 0 | BT3: 0 | BU3: 0 | BV3: 0 | BW3: 0 | CU3: =ROUND(AT3*Source!I30*AH3*AL3,2) -> 0 | CV3: =ROUND(Y3*Source!I30,9) -> 0.72 | CW3: 0 | CX3: =ROUND(Y3*Source!I30,9) -> 0.72 | CY3: =AD3 -> 0 | CZ3: =AH3 -> 0 | DA3: =AL3 -> 1 | DB3: =ROUND(AT3*CZ3,2) -> 0 | DC3: =ROUND(AT3*AG3,2) -> 0 | DF3: =ROUND(ROUND(AE3,2)*CX3,2) -> 0 | DG3: =ROUND(ROUND(AF3,2)*CX3,2) -> 0 | DH3: =ROUND(ROUND(AG3,2)*ROUND(AT3*Source!I30,9),2) -> 0 | DI3: =ROUND(ROUND(AH3,2)*CX3,2) -> 0 | DJ3: =DI3 -> 0 | DK3: 0 | DM3: 0 | DO3: 0
A4: =ROW(Source!A31) -> 31 | B4: 86508782 | C4: 86508786 | D4: 0 | E4: 1 | F4: 1 | G4: 30515945 | H4: 1 | I4: 1 | K4: Затраты труда рабочих среднего разряда 1 | L4: 1369 | N4: 1013 | O4: чел.-ч | P4: чел.-ч | Q4: 1 | W4: 0 | X4: -2001970737 | Y4: =AT4 -> 0.12 | AA4: 0 | AB4: 0 | AC4: 0 | AD4: 0 | AE4: 0 | AF4: 0 | AG4: 0 | AH4: 0 | AI4: 1 | AJ4: 1 | AK4: 1 | AL4: 1 | AM4: 0 | AN4: 0 | AO4: 1 | AP4: 0 | AQ4: 0 | AR4: 0 | AT4: 0.12 | AV4: 1 | AW4: 2 | AX4: 86508788 | AY4: 1 | AZ4: 0 | BA4: 4 | BB4: 0 | BC4: 0 | BD4: 0 | BE4: 0 | BF4: 0 | BG4: 0 | BH4: 0 | BI4: 0 | BJ4: 0 | BK4: 0 | BL4: 0 | BM4: 0 | BN4: 0 | BO4: 0 | BP4: 0 | BQ4: 0 | BR4: 0 | BS4: 0 | BT4: 0 | BU4: 0 | BV4: 0 | BW4: 0 | CU4: =ROUND(AT4*Source!I31*AH4*AL4,2) -> 0 | CV4: =ROUND(Y4*Source!I31,9) -> 0.72 | CW4: 0 | CX4: =ROUND(Y4*Source!I31,9) -> 0.72 | CY4: =AD4 -> 0 | CZ4: =AH4 -> 0 | DA4: =AL4 -> 1 | DB4: =ROUND(AT4*CZ4,2) -> 0 | DC4: =ROUND(AT4*AG4,2) -> 0 | DF4: =ROUND(ROUND(AE4,2)*CX4,2) -> 0 | DG4: =ROUND(ROUND(AF4,2)*CX4,2) -> 0 | DH4: =ROUND(ROUND(AG4,2)*ROUND(AT4*Source!I31,9),2) -> 0 | DI4: =ROUND(ROUND(AH4,2)*CX4,2) -> 0 | DJ4: =DI4 -> 0 | DK4: 0 | DM4: 0 | DO4: 0
I123: 0

Sheet EtalonRes
A1: =ROW(Source!A28) -> 28 | B1: 86508785 | C1: 86508783 | D1: 0 | E1: 1 | F1: 1 | G1: 30515945 | H1: 1 | I1: 1 | K1: Затраты труда рабочих среднего разряда 1 | L1: 1369 | N1: 1013 | O1: чел.-ч | P1: чел.-ч | Q1: 1 | X1: 0.8 | Y1: 0 | Z1: 0 | AA1: 0 | AB1: 0 | AC1: 0 | AD1: 1 | AE1: 1 | AG1: 0.8 | AH1: 2 | AI1: 86508784 | AJ1: 1 | AK1: 0 | AL1: 0 | AM1: 0 | AN1: 0 | AO1: 0 | AP1: 0 | AQ1: 0 | AR1: 0
A2: =ROW(Source!A29) -> 29 | B2: 86508785 | C2: 86508783 | D2: 0 | E2: 1 | F2: 1 | G2: 30515945 | H2: 1 | I2: 1 | K2: Затраты труда рабочих среднего разряда 1 | L2: 1369 | N2: 1013 | O2: чел.-ч | P2: чел.-ч | Q2: 1 | X2: 0.8 | Y2: 0 | Z2: 0 | AA2: 0 | AB2: 0 | AC2: 0 | AD2: 1 | AE2: 1 | AG2: 0.8 | AH2: 2 | AI2: 86508784 | AJ2: 2 | AK2: 0 | AL2: 0 | AM2: 0 | AN2: 0 | AO2: 0 | AP2: 0 | AQ2: 0 | AR2: 0
A3: =ROW(Source!A30) -> 30 | B3: 86508788 | C3: 86508786 | D3: 0 | E3: 1 | F3: 1 | G3: 30515945 | H3: 1 | I3: 1 | K3: Затраты труда рабочих среднего разряда 1 | L3: 1369 | N3: 1013 | O3: чел.-ч | P3: чел.-ч | Q3: 1 | X3: 0.12 | Y3: 0 | Z3: 0 | AA3: 0 | AB3: 0 | AC3: 0 | AD3: 1 | AE3: 1 | AG3: 0.12 | AH3: 2 | AI3: 86508787 | AJ3: 3 | AK3: 0 | AL3: 0 | AM3: 0 | AN3: 0 | AO3: 0 | AP3: 0 | AQ3: 0 | AR3: 0
A4: =ROW(Source!A31) -> 31 | B4: 86508788 | C4: 86508786 | D4: 0 | E4: 1 | F4: 1 | G4: 30515945 | H4: 1 | I4: 1 | K4: Затраты труда рабочих среднего разряда 1 | L4: 1369 | N4: 1013 | O4: чел.-ч | P4: чел.-ч | Q4: 1 | X4: 0.12 | Y4: 0 | Z4: 0 | AA4: 0 | AB4: 0 | AC4: 0 | AD4: 1 | AE4: 1 | AG4: 0.12 | AH4: 2 | AI4: 86508787 | AJ4: 4 | AK4: 0 | AL4: 0 | AM4: 0 | AN4: 0 | AO4: 0 | AP4: 0 | AQ4: 0 | AR4: 0

Sheet SrcPoprs

Sheet SrcKA
A1: 0 | B1: Smeta.RU (495) 974-1589 | D1: _PS_ | F1: 0 | G1: 0 | H1: 0 | I1: Smeta.RU | K1: 1 | L1: 76812 | M1: 10 | N1: 12 | O1: 2 | P1: 0 | Q1: 1
F12: =Source!F12 -> ЛС-09-01-01 | G12: =Source!G12 -> Пусконаладочные работы электрохимической защиты | AJ12: 0 | CY12: 0
